Workbook
Name _cur1: #REF!
Name _cur2: #REF!
Name _sum1: #REF!
Name _sum2: #REF!
Name ACC_BALACC: #REF!
Name ACC_BALACC: #REF!
Name ACC_BALACC: #REF!
Name ACC_BALACC: #REF!
Name ACC_BALACC: #REF!
Name ACC_BALACC: #REF!
Name ACC_BALACC: #REF!
Name ACC_BALACC: #REF!
Name ACC_BALACC: #REF!
Name ACC_BALACC: #REF!
Name ACC_BALACC: #REF!
Name ACC_BALACC: #REF!
Name ACC_BALACC: #REF!
Name ACC_BALACC: #REF!
Name ACC_BALACC: #REF!
Name ACC_BALACC: #REF!
Name ACC_BALACC: #REF!
Name ACC_BALACC: #REF!
Name ACC_BALACC: #REF!
Name ACC_CRS: #REF!
Name ACC_CRS: #REF!
Name ACC_CRS: #REF!
Name ACC_CRS: #REF!
Name ACC_CRS: #REF!
Name ACC_CRS: #REF!
Name ACC_CRS: #REF!
Name ACC_CRS: #REF!
Name ACC_CRS: #REF!
Name ACC_CRS: #REF!
Name ACC_CRS: #REF!
Name ACC_CRS: #REF!
Name ACC_CRS: #REF!
Name ACC_CRS: #REF!
Name ACC_CRS: #REF!
Name ACC_CRS: #REF!
Name ACC_CRS: #REF!
Name ACC_CRS: #REF!
Name ACC_CRS: #REF!
Name ACC_DBS: #REF!
Name ACC_DBS: #REF!
Name ACC_DBS: #REF!
Name ACC_DBS: #REF!
Name ACC_DBS: #REF!
Name ACC_DBS: #REF!
Name ACC_DBS: #REF!
Name ACC_DBS: #REF!
Name ACC_DBS: #REF!
Name ACC_DBS: #REF!
Name ACC_DBS: #REF!
Name ACC_DBS: #REF!
Name ACC_DBS: #REF!
Name ACC_DBS: #REF!
Name ACC_DBS: #REF!
Name ACC_DBS: #REF!
Name ACC_DBS: #REF!
Name ACC_DBS: #REF!

Sheet Info
B1: Pillar 3 quarterly report
A2: 1 | B2: Name of a bank | C2: Terabank
A3: 2 | B3: Chairman of the Supervisory Board | C3: Sheikh Nahayan Mabarak Al Nahayan
A4: 3 | B4: CEO of a bank | C4: Thea Lortkipanidze
A5: 4 | B5: Bank's web page | C5: https://terabank.ge
A6: Senior management of the bank ensures fair presentation and accuracy of the information provided within Pillar 3 disclosure report. The report is prepared in accordance with internal review and control processes coordinated with the board. The report meets the requirements of the decree N92/04 of the Governor of the National Bank of Georgia on “Disclosure requirements for commercial banks within Pillar 3” and other relevant decrees and regulations of NBG.
A7: Table N | B7: Table of contents
A8: 1 | B8: Key ratios
A9: 2 | B9: Balance Sheet
A10: 3 | B10: Income statement
A11: 4 | B11: Off-balance sheet
A12: 5 | B12: Risk-Weighted Assets (RWA)
A13: 6 | B13: Information about supervisory board, senior management and shareholders
A14: 7 | B14: Linkages between financial statement assets and balance sheet items subject to credit risk weighting
A15: 8 | B15: Differences between carrying values of balance sheet items and exposure amounts subject to credit risk weighting
A16: 9 | B16: Regulatory Capital
A17: 9.1 | B17: Capital Adequacy Requirements
A18: 9.2 | B18: Summary Information on Minimum Requirement for Own Funds and Eligible Liabilities (MREL)
A19: 9.3 | B19: MREL Components Breakdown by Maturity and Governing Law
A20: 10 | B20: Reconciliation of regulatory capital to balance sheet
A21: 11 | B21: Credit risk weighted exposures
A22: 12 | B22: Credit risk mitigation
A23: 13 | B23: Standardized approach - effect of credit risk mitigation
A24: 14 | B24: Liquidity Coverage Ratio
A25: 15 | B25: Counterparty credit risk
A26: 15.1 | B26: Leverage Ratio
A27: 15.2 | B27: Credit Valuation Adjustment
A28: 16 | B28: Net Stable Funding Ratio
A29: 17 | B29: Exposures distributed by residual maturity and Risk Classes
A30: 18 | B30: Assets, ECL and write-offs by risk classes
A31: 19 | B31: Assets, ECL and write-offs by Sectors of income source
... A38: 26 | B38: General and Qualitative information on Retail Products

Sheet 1. key ratios
A1: Bank: | B1: =Info!C2 -> Terabank
A2: Date: | B2: 46295
A4: Table 1 | B4: Key metrics | D4: According to IFRS
A5: N | C5: =INT((MONTH($B$2))/3)&"Q"&"-"&YEAR($B$2) -> 3Q-2026 | D5: =IF(INT(MONTH($B$2))=3, "4"&"Q"&"-"&YEAR($B$2)-1, IF(INT(MONTH($B$2))=6, "1"&"Q"&"-"&YEAR($B$2), IF(INT(MONTH($B$2))=9, "2"&"Q"&"-"&YEAR($B$2),IF(INT(MONTH($B$2))=12, "3"&"Q"&"-"&YEAR($B$2), 0)))) -> 2Q-2026 | E5: =IF(INT(MONTH($B$2))=3, "3"&"Q"&"-"&YEAR($B$2)-1, IF(INT(MONTH($B$2))=6, "4"&"Q"&"-"&YEAR($B$2)-1, IF(INT(MONTH($B$2))=9, "1"&"Q"&"-"&YEAR($B$2),IF(INT(MONTH($B$2))=12, "2"&"Q"&"-"&YEAR($B$2), 0)))) -> 1Q-2026 | F5: =IF(INT(MONTH($B$2))=3, "2"&"Q"&"-"&YEAR($B$2)-1, IF(INT(MONTH($B$2))=6, "3"&"Q"&"-"&YEAR($B$2)-1, IF(INT(MONTH($B$2))=9, "4"&"Q"&"-"&YEAR($B$2)-1,IF(INT(MONTH($B$2))=12, "1"&"Q"&"-"&YEAR($B$2), 0)))) -> 4Q-2025 | G5: =IF(INT(MONTH($B$2))=3, "1"&"Q"&"-"&YEAR($B$2)-1, IF(INT(MONTH($B$2))=6, "2"&"Q"&"-"&YEAR($B$2)-1, IF(INT(MONTH($B$2))=9, "3"&"Q"&"-"&YEAR($B$2)-1,IF(INT(MONTH($B$2))=12, "4"&"Q"&"-"&YEAR($B$2)-1, 0)))) -> 3Q-2025
B6: Regulatory capital (amounts, GEL)
B7: Based on Basel III framework
A8: 1 | B8: CET1 capital | C8: 2.9251473e+08 | D8: 2.8553855e+08 | E8: 2.7934867e+08 | F8: 2.7232226e+08 | G8: 2.5905605e+08
A9: 2 | B9: Tier1 capital | C9: 3.4722183e+08 | D9: 3.4108985e+08 | E9: 3.1444607e+08 | F9: 3.0735856e+08 | G9: 2.9427045e+08
A10: 3 | B10: Regulatory capital | C10: 4.077356e+08 | D10: 4.0419809e+08 | E10: 3.8298532e+08 | F10: 3.7865343e+08 | G10: 3.6574929e+08
A11: 4 | B11: CET1 capital total requirement | C11: 2.3968314e+08 | D11: 2.4601722e+08 | E11: 2.4059055e+08 | F11: 2.3555223e+08 | G11: 2.2994632e+08
A12: 5 | B12: Tier1 capital total requirement | C12: 2.8075241e+08 | D12: 2.8868101e+08 | E12: 2.8257566e+08 | F12: 2.7782274e+08 | G12: 2.7103332e+08
A13: 6 | B13: Regulatory capital total requirement | C13: 3.3524951e+08 | D13: 3.4529021e+08 | E13: 3.3828395e+08 | F13: 3.3390605e+08 | G13: 3.2554074e+08
B14: Total Risk Weighted Assets (amounts, GEL)
A15: 7 | B15: Total Risk Weighted Assets (Total RWA) (Based on Basel III framework) | C15: 1.7426504e+09 | D15: 1.7959877e+09 | E15: 1.7659474e+09 | F15: 1.7640344e+09 | G15: 1.6932089e+09
B16: Capital Adequacy Ratios
B17: Based on Basel III framework *
A18: 8 | B18: CET1 capital | C18: 0.16785623 | D18: 0.15898692 | E18: 0.15818629 | F18: 0.15437469 | G18: 0.15299709
A19: 9 | B19: Tier1 capital | C19: 0.19924927 | D19: 0.1899177 | E19: 0.17806084 | F19: 0.17423615 | G19: 0.17379453
A20: 10 | B20: Regulatory capital | C20: 0.2339744 | D20: 0.22505616 | E20: 0.21687244 | F20: 0.21465195 | G20: 0.21600954
A21: 11 | B21: CET1 capital total requirement | C21: 0.13753943 | D21: 0.13698157 | E21: 0.1362388 | F21: 0.13353041 | G21: 0.13580505
A22: 12 | B22: Tier1 capital total requirement | C22: 0.16110655 | D22: 0.16073663 | E22: 0.16001363 | F22: 0.15749282 | G22: 0.1600708
A23: 13 | B23: Regulatory capital total requirement | C23: 0.19237909 | D23: 0.19225644 | E23: 0.19155947 | F23: 0.18928546 | G23: 0.19226259
B24: Income
A25: 14 | B25: Total Interest Income /Average Annual Assets | C25: 0.10357568 | D25: 0.10212961 | E25: 0.10187992 | F25: 0.10166953 | G25: 0.10102684
A26: 15 | B26: Total Interest Expense / Average Annual Assets | C26: 0.062659537 | D26: 0.061954133 | E26: 0.061744988 | F26: 0.061289352 | G26: 0.06043998
A27: 16 | B27: Earnings from Operations / Average Annual Assets | C27: 0.019546722 | D27: 0.018811519 | E27: 0.018702846 | F27: 0.017185645 | G27: 0.016163535
A28: 17 | B28: Net Interest Margin | C28: 0.040916146 | D28: 0.040175475 | E28: 0.040134931 | F28: 0.04038018 | G28: 0.040586856
A29: 18 | B29: Return on Average Assets (ROAA) | C29: 0.014505941 | D29: 0.013712622 | E29: 0.014434142 | F29: 0.014698856 | G29: 0.014429907
A30: 19 | B30: Return on Average Equity (ROAE) | C30: 0.10095724 | D30: 0.096422858 | E30: 0.10174802 | F30: 0.10525692 | G30: 0.10290834
B31: Asset Quality
A32: 20 | B32: Non Performed Loans / Total Loans | C32: 0.050746982 | D32: 0.055789462 | E32: 0.046673127 | F32: 0.045426855 | G32: 0.049825691
A33: 21 | B33: ECL/Total Loans | C33: 0.023696217 | D33: 0.022159078 | E33: 0.02071264 | F33: 0.020848796 | G33: 0.021193074
A34: 22 | B34: FX Loans/Total Loans | C34: 0.42396058 | D34: 0.43793022 | E34: 0.44315487 | F34: 0.44359966 | G34: 0.44460247
A35: 23 | B35: FX Assets/Total Assets | C35: 0.37468534 | D35: 0.38759752 | E35: 0.40331002 | F35: 0.40691567 | G35: 0.40820957
A36: 24 | B36: Loan Growth-YTD | C36: -0.0042102302 | D36: 0.02302787 | E36: 0.0042211692 | F36: 0.16766442 | G36: 0.14539289
B37: Liquidity
A38: 25 | B38: Liquid Assets/Total Assets | C38: 0.19718607 | D38: 0.15946525 | E38: 0.14108641 | F38: 0.16603985 | G38: 0.13194843
A39: 26 | B39: FX Liabilities/Total Liabilities | C39: 0.41953096 | D39: 0.44794576 | E39: 0.45952788 | F39: 0.45996713 | G39: 0.44613254
A40: 27 | B40: Current & Demand Deposits/Total Assets | C40: 0.29484967 | D40: 0.26815051 | E40: 0.25969058 | F40: 0.24909878 | G40: 0.21593646
B41: Liquidity Coverage Ratio***
A42: 28 | B42: Total HQLA | C42: 4.270409e+08 | D42: 3.5899672e+08 | E42: 3.590417e+08 | F42: 3.7507722e+08 | G42: 2.8614519e+08
A43: 29 | B43: Net cash outflow | C43: 3.1139123e+08 | D43: 2.944554e+08 | E43: 2.6547581e+08 | F43: 2.7760672e+08 | G43: 2.2733688e+08
A44: 30 | B44: LCR ratio (%) | C44: 1.3713967 | D44: 1.2191888 | E44: 1.352446 | F44: 1.35111 | G44: 1.2586835
B45: Net Stable Funding Ratio
A46: 31 | B46: Available stable funding | C46: 1.5911538e+09 | D46: 1.5628363e+09 | E46: 1.4616869e+09 | F46: 1.513574e+09 | G46: 1.3986614e+09
A47: 32 | B47: Required stable funding | C47: 1.3431891e+09 | D47: 1.3615773e+09 | E47: 1.3429702e+09 | F47: 1.3286041e+09 | G47: 1.2646212e+09
A48: 33 | B48: Net stable funding ratio (%) | C48: 1.1846089 | D48: 1.1478131 | E48: 1.0883986 | F48: 1.1392212 | G48: 1.1059924
B50: * Regarding the annulment of conservation buffer requirement please see the press release of National Bank of Goergia "Supervisory Plan Of The National Bank Of Georgia With Regard To COVID-19" (link: https://nbg.gov.ge/page/covid-19)
B51: *** LCR calculated according to NBG's methodology which is more focused on local risks than Basel framework. See the table 14. LCR; Commercial banks are required to comply with the limits by coefficients calculated according to NBG's methodology. The numbers calculated within Basel framework are given for illustratory purposes.

Sheet 2. SOFP
A1: Bank: | B1: =Info!C2 -> Terabank
A2: Date: | B2: ='1. key ratios'!B2 -> 46295
A4: N | B4: Statement of Financial Position | C4: reporting period | F4: respective period of the previous year
C5: GEL | D5: FX | E5: Total | F5: GEL | G5: FX | H5: Total
B6: ASSETS
A7: 1 | B7: Cash, Cash balances with National Bank of Georgia and other banks | C7: 60631478 | D7: 1.3113047e+08 | E7: 1.9176195e+08 | F7: 77139004 | G7: 1.729998e+08 | H7: 2.501388e+08
A8: 1.1 | B8: Cash on hand | C8: 19369058 | D8: 34482385 | E8: 53851443 | F8: 22154418 | G8: 36622619 | H8: 58777037
A9: 1.2 | B9: Casha balances with National bank of Georgia | C9: 39473178 | D9: 70194748 | E9: 1.0966793e+08 | F9: 54197693 | G9: 1.0586988e+08 | H9: 1.6006757e+08
A10: 1.3 | B10: Cash balances with other banks | C10: 1789242.6 | D10: 26453337 | E10: 28242580 | F10: 786892.85 | G10: 30507303 | H10: 31294195
A11: 2 | B11: Financial assets held for trading | C11: 588123.34 | D11: 0 | E11: 588123.34 | F11: 116081.8 | G11: 0 | H11: 116081.8
A12: 2.1 | B12: of which:derivatives | C12: 588123.34 | D12: 0 | E12: 588123.34 | F12: 116081.8 | G12: 0 | H12: 116081.8
A13: 3 | B13: Non-trading financial assets mandatorily at fair value through profit or loss | C13: 0 | D13: 0 | E13: 0 | F13: 0 | G13: 0 | H13: 0
A14: 4 | B14: Financial assets designated at fair value through profit or loss | C14: 0 | D14: 0 | E14: 0 | F14: 0 | G14: 0 | H14: 0
A15: 5 | B15: Financial assets at fair value through other comprehensive income | C15: 0 | D15: 0 | E15: 0 | F15: 0 | G15: 0 | H15: 0
A16: 5.1 | B16: Equity instruments | C16: 0 | D16: 0 | E16: 0 | F16: 0 | G16: 0 | H16: 0
A17: 5.2 | B17: Debt securities | C17: 0 | D17: 0 | E17: 0 | F17: 0 | G17: 0 | H17: 0
A18: 5.3 | B18: Loans and advances | C18: 0 | D18: 0 | E18: 0 | F18: 0 | G18: 0 | H18: 0
... A36: 14 | B36: TOTAL ASSETS | C36: 1.3944991e+09 | D36: 8.3557669e+08 | E36: 2.2300758e+09 | F36: 1.3038144e+09 | G36: 8.9935471e+08 | H36: 2.2031691e+09
B37: LIABILITIES
A38: 15 | B38: Financial liabilities held for trading | C38: 0 | D38: 0 | E38: 0 | F38: 0 | G38: 0 | H38: 0
A39: 15.1 | B39: of which:derivatives | C39: 0 | D39: 0 | E39: 0 | F39: 0 | G39: 0 | H39: 0
A40: 16 | B40: Financial liabilities designated at fair value through profit or loss | C40: 0 | D40: 0 | E40: 0 | F40: 0 | G40: 0 | H40: 0
A41: 17 | B41: Financial liabilities measured at amortised cost | C41: 1.0942761e+09 | D41: 6.8056838e+08 | E41: 1.7748444e+09 | F41: 1.0503369e+09 | G41: 7.3033189e+08 | H41: 1.7806688e+09
A42: 17.1 | B42: Deposits | C42: 9.3770262e+08 | D42: 5.0542623e+08 | E42: 1.4431289e+09 | F42: 7.5568909e+08 | G42: 5.6799896e+08 | H42: 1.3236881e+09
A43: 17.2 | B43: borrowings | C43: 1.3578843e+08 | D43: 1.4413773e+08 | E43: 2.7992616e+08 | F43: 2.7938041e+08 | G43: 1.5460437e+08 | H43: 4.3398478e+08
A44: 17.3 | B44: Debt securities issued | C44: 0 | D44: 21121861 | E44: 21121861 | F44: 0 | G44: 0 | H44: 0
A45: 17.4 | B45: Other financial liabilities | C45: 20785004 | D45: 9882549.7 | E45: 30667553 | F45: 15267444 | G45: 7728556.7 | H45: 22996001
A46: 18 | B46: Provisions | C46: 431983.4 | D46: 0 | E46: 431983.4 | F46: 359763.72 | G46: 0 | H46: 359763.72
A47: 19 | B47: Tax liabilities | C47: 5161649 | D47: 0 | E47: 5161649 | F47: 3600940 | G47: 0 | H47: 3600940
A48: 19.1 | B48: Current tax liabilities | C48: 0 | D48: 0 | E48: 0 | F48: 0 | G48: 0 | H48: 0
A49: 19.2 | B49: Deferred tax liabilities | C49: 5161649 | D49: 0 | E49: 5161649 | F49: 3600940 | G49: 0 | H49: 3600940
... A53: 22 | B53: TOTAL LIABILITIES | C53: 1.1000783e+09 | D53: 7.950758e+08 | E53: 1.8951541e+09 | F53: 1.0568937e+09 | G53: 8.5131317e+08 | H53: 1.9082068e+09
B54: Equity
A55: 23 | B55: Ordinary share | C55: 128022000 | D55: 0 | E55: 128022000 | F55: 121372000 | G55: 0 | H55: 121372000
A56: 24 | B56: preference share | C56: 0 | D56: 0 | E56: 0 | F56: 0 | G56: 0 | H56: 0
A57: 25 | B57: Share premium | C57: 0 | D57: 0 | E57: 0 | F57: 0 | G57: 0 | H57: 0
A58: 26 | B58: (-) Treasury shares | C58: 0 | D58: 0 | E58: 0 | F58: 0 | G58: 0 | H58: 0
A59: 27 | B59: Equity instruments issued other than capital | C59: 0 | D59: 0 | E59: 0 | F59: 0 | G59: 0 | H59: 0
A60: 27.1 | B60: Equity component of compound financial instruments | C60: 0 | D60: 0 | E60: 0 | F60: 0 | G60: 0 | H60: 0
A61: 27.2 | B61: Other equity instruments issued | C61: 0 | D61: 0 | E61: 0 | F61: 0 | G61: 0 | H61: 0
A62: 28 | B62: Share-based payment reserve | C62: 0 | D62: 0 | E62: 0 | F62: 0 | G62: 0 | H62: 0
A63: 29 | B63: Accumulated other comprehensive income | C63: 0 | D63: 0 | E63: 0 | F63: 0 | G63: 0 | H63: 0
A64: 29.1 | B64: revaluation reserve | C64: 0 | D64: 0 | E64: 0 | F64: 0 | G64: 0 | H64: 0
A65: 29.2 | B65: Fair value changes of equity instruments measured at fair value through other comprehensive income | C65: 0 | D65: 0 | E65: 0 | F65: 0 | G65: 0 | H65: 0
A66: 29.3 | B66: Fair value changes of debt instruments measured at fair value through other comprehensive income | C66: 0 | D66: 0 | E66: 0 | F66: 0 | G66: 0 | H66: 0
... A69: 32 | B69: TOTAL EQUITY AND TOTAL LIABILITIES | C69: 1.435e+09 | D69: 7.950758e+08 | E69: 2.2300758e+09 | F69: 1.3518559e+09 | G69: 8.5131317e+08 | H69: 2.2031691e+09
B72: *Share capital as defined by the Law on the Activities of Commercial Banks

Sheet 3. SOPL
A1: Bank: | B1: =Info!C2 -> Terabank
A2: Date: | B2: ='1. key ratios'!B2 -> 46295
A4: N | B4: Statement of profit or loss | C4: reporting period | F4: respective period of the previous year
C5: GEL | D5: FX | E5: Total | F5: GEL | G5: FX | H5: Total
A6: 1 | B6: Interest income | C6: 1.2319497e+08 | D6: 50978474 | E6: 1.7417345e+08 | F6: 1.0949395e+08 | G6: 47341408 | H6: 156835362
A7: 1.1 | B7: Financial assets held for trading | C7: 0 | D7: 0 | E7: 0 | F7: 0 | G7: 0 | H7: 0
A8: 1.2 | B8: Non-trading financial assets mandatorily at fair value through profit or loss | C8: 0 | D8: 0 | E8: 0 | F8: 0 | G8: 0 | H8: 0
A9: 1.3 | B9: Financial assets designated at fair value through profit or loss | C9: 0 | D9: 0 | E9: 0 | F9: 0 | G9: 0 | H9: 0
A10: 1.4 | B10: Financial assets at fair value through other comprehensive income | C10: 0 | D10: 0 | E10: 0 | F10: 0 | G10: 0 | H10: 0
A11: 1.5 | B11: Financial assets at amortised cost | C11: 1.2324403e+08 | D11: 50978474 | E11: 1.7422251e+08 | F11: 1.0950942e+08 | G11: 47341408 | H11: 1.5685083e+08
A12: 1.6 | B12: Other assets | C12: -49062 | D12: 0 | E12: -49062 | F12: -15468.221 | G12: 0 | H12: -15468.221
A13: 2 | B13: (Interest expenses) | C13: -75036272 | D13: -30332356 | E13: -1.0536863e+08 | F13: -65061661 | G13: -28766143 | H13: -93827803
A14: 2.1 | B14: (Financial liabilities held for trading) | C14: 0 | D14: 0 | E14: 0 | F14: 0 | G14: 0 | H14: 0
A15: 2.2 | B15: (Financial liabilities designated at fair value through profit or loss) | C15: 0 | D15: 0 | E15: 0 | F15: 0 | G15: 0 | H15: 0
A16: 2.3 | B16: (Financial liabilities measured at amortised cost) | C16: -74125096 | D16: -30332356 | E16: -1.0445745e+08 | F16: -64081959 | G16: -28766143 | H16: -92848102
A17: 2.4 | B17: (Other liabilities) | C17: -911175.2 | D17: 0 | E17: -911175.2 | F17: -979701.16 | G17: 0 | H17: -979701.16
... A45: 24 | B45: Profit or (-) loss after tax | C45: 2344137.6 | D45: 22049133 | E45: 24393271 | F45: 1024405.3 | G45: 21376768 | H45: 22401173

Sheet 4. Off-balance
A1: Bank: | B1: =Info!C2 -> Terabank
A2: Date: | B2: ='1. key ratios'!B2 -> 46295
A4: N | B4: Off-balance sheet items | C4: reporting period | F4: respective period of the previous year
C5: GEL | D5: FX | E5: Total | F5: GEL | G5: FX | H5: Total
A6: 1 | B6: Loan commitments received | C6: 0 | D6: 0 | E6: 0 | F6: 0 | G6: 0 | H6: 0
A7: 2 | B7: Guarantees received as security for liabilities of the bank | C7: 0 | D7: 0 | E7: 0 | F7: 0 | G7: 0 | H7: 0
A8: 3 | B8: Guaratees received as security for receivables of the bank | C8: 2.9900188e+08 | D8: 4.2357623e+08 | E8: 7.2257811e+08 | F8: 2.9788192e+08 | G8: 4.6212045e+08 | H8: 7.6000238e+08
A9: 3.1 | B9: Surety, joint liability | C9: 1.5366962e+08 | D9: 4.2357623e+08 | E9: 5.7724585e+08 | F9: 1.7892407e+08 | G9: 4.6212045e+08 | H9: 6.4104453e+08
A10: 3.2 | B10: Guarantees | C10: 1.4533227e+08 | D10: 0 | E10: 1.4533227e+08 | F10: 1.1895785e+08 | G10: 0 | H10: 1.1895785e+08
A11: 4 | B11: Assets pledged as security for liabilities of the bank | C11: 0 | D11: 0 | E11: 0 | F11: 0 | G11: 0 | H11: 0
A12: 4.1 | B12: Financial assets of the bank | C12: 0 | D12: 0 | E12: 0 | F12: 0 | G12: 0 | H12: 0
A13: 4.2 | B13: Non-financial assets of the bank | C13: 0 | D13: 0 | E13: 0 | F13: 0 | G13: 0 | H13: 0
A14: 5 | B14: Assets pledged as security for receivables of the bank | C14: 1.8194937e+09 | D14: 1.7152567e+09 | E14: 3.5347504e+09 | F14: 1.6818273e+09 | G14: 1.4865068e+09 | H14: 3.1683341e+09
A15: 5.1 | B15: Cash | C15: 16083694 | D15: 31954980 | E15: 48038674 | F15: 17580283 | G15: 32482794 | H15: 50063077
A16: 5.2 | B16: Precious metals and stones | C16: 1.3321398e+08 | D16: 25469.93 | E16: 1.3323945e+08 | F16: 1.1269634e+08 | G16: 2832141.9 | H16: 1.1552849e+08
A17: 5.3 | B17: Real Estate: | C17: 1.415995e+09 | D17: 1.6484119e+09 | E17: 3.0644069e+09 | F17: 1.3090858e+09 | G17: 1.4058855e+09 | H17: 2.7149713e+09
A18: 5.3.1 | B18: Residential Property | C18: 7.8236755e+08 | D18: 5.5851302e+08 | E18: 1.3408806e+09 | F18: 7.5164561e+08 | G18: 4.9266841e+08 | H18: 1.244314e+09
A19: 5.3.2 | B19: Commercial Property | C19: 2.9063616e+08 | D19: 6.8577122e+08 | E19: 9.7640738e+08 | F19: 2.6042052e+08 | G19: 5.3138058e+08 | H19: 7.918011e+08
A20: 5.3.3 | B20: Complex Real Estate | C20: 29621006 | D20: 69463366 | E20: 99084372 | F20: 26761222 | G20: 66754320 | H20: 93515542
A21: 5.3.4 | B21: Land Parcel | C21: 2.5029306e+08 | D21: 1.8363158e+08 | E21: 4.3392465e+08 | F21: 2.1802556e+08 | G21: 2.000174e+08 | H21: 4.1804296e+08
A22: 5.3.5 | B22: Other | C22: 63077240 | D22: 1.5103274e+08 | E22: 2.1410998e+08 | F22: 52232945 | G22: 1.1506478e+08 | H22: 1.6729773e+08
A23: 5.4 | B23: Movable Property | C23: 1.5746721e+08 | D23: 12509820 | E23: 1.6997703e+08 | F23: 1.5300251e+08 | G23: 19603779 | H23: 1.7260629e+08
A24: 5.5 | B24: Shares Pledged | C24: 0 | D24: 0 | E24: 0 | F24: 0 | G24: 0 | H24: 0
A25: 5.6 | B25: Securities | C25: 0 | D25: 0 | E25: 0 | F25: 0 | G25: 0 | H25: 0
A26: 5.7 | B26: Other | C26: 96733807 | D26: 22354527 | E26: 1.1908833e+08 | F26: 89462287 | G26: 25702632 | H26: 1.1516492e+08
A27: 6 | B27: Loan commitments given | C27: 29209101 | D27: 58827572 | E27: 88036673 | F27: 35277741 | G27: 36328865 | H27: 71606607
A28: 7 | B28: guarantees given | C28: 0 | D28: 0 | E28: 0 | F28: 0 | G28: 0 | H28: 0
A29: 8 | B29: Letters of credit Issued | C29: 0 | D29: 0 | E29: 0 | F29: 0 | G29: 0 | H29: 0
A30: 9 | B30: Derivatives | C30: 39874550 | D30: 58855242 | E30: 98729792 | F30: 45283000 | G30: 65650273 | H30: 1.1093327e+08
A31: 9.1 | B31: Receivables through FX contracts (except options) | C31: 39874550 | D31: 9490346.1 | E31: 49364896 | F31: 45283000 | G31: 10183636 | H31: 55466636
A32: 9.2 | B32: Payables through FX contracts (except options) | C32: 0 | D32: 49364896 | E32: 49364896 | F32: 0 | G32: 55466636 | H32: 55466636
A33: 9.3 | B33: Principal of interest rate contracts (except options) | C33: 0 | D33: 0 | E33: 0 | F33: 0 | G33: 0 | H33: 0
A34: 9.4 | B34: Options sold | C34: 0 | D34: 0 | E34: 0 | F34: 0 | G34: 0 | H34: 0
... A43: 11 | B43: Capital expenditure commitment | C43: 0 | D43: 0 | E43: 0 | F43: 0 | G43: 0 | H43: 0

Sheet 5. RWA
A1: Bank: | B1: =Info!C2 -> Terabank
A2: Date: | B2: ='1. key ratios'!B2 -> 46295
A4: Table 5 | B4: Risk Weighted Assets | C4: in Lari
A5: N | C5: =INT((MONTH($B$2))/3)&"Q"&"-"&YEAR($B$2) -> 3Q-2026 | D5: =IF(INT(MONTH($B$2))=3, "4"&"Q"&"-"&YEAR($B$2)-1, IF(INT(MONTH($B$2))=6, "1"&"Q"&"-"&YEAR($B$2), IF(INT(MONTH($B$2))=9, "2"&"Q"&"-"&YEAR($B$2),IF(INT(MONTH($B$2))=12, "3"&"Q"&"-"&YEAR($B$2), 0)))) -> 2Q-2026 | E5: =IF(INT(MONTH($B$2))=3, "3"&"Q"&"-"&YEAR($B$2)-1, IF(INT(MONTH($B$2))=6, "4"&"Q"&"-"&YEAR($B$2)-1, IF(INT(MONTH($B$2))=9, "1"&"Q"&"-"&YEAR($B$2),IF(INT(MONTH($B$2))=12, "2"&"Q"&"-"&YEAR($B$2), 0)))) -> 1Q-2026 | F5: =IF(INT(MONTH($B$2))=3, "2"&"Q"&"-"&YEAR($B$2)-1, IF(INT(MONTH($B$2))=6, "3"&"Q"&"-"&YEAR($B$2)-1, IF(INT(MONTH($B$2))=9, "4"&"Q"&"-"&YEAR($B$2)-1,IF(INT(MONTH($B$2))=12, "1"&"Q"&"-"&YEAR($B$2), 0)))) -> 4Q-2025 | G5: =IF(INT(MONTH($B$2))=3, "1"&"Q"&"-"&YEAR($B$2)-1, IF(INT(MONTH($B$2))=6, "2"&"Q"&"-"&YEAR($B$2)-1, IF(INT(MONTH($B$2))=9, "3"&"Q"&"-"&YEAR($B$2)-1,IF(INT(MONTH($B$2))=12, "4"&"Q"&"-"&YEAR($B$2)-1, 0)))) -> 3Q-2025
A6: 1 | B6: Risk Weighted Assets for Credit Risk | C6: 1.5764739e+09 | D6: 1.6265247e+09 | E6: 1.596645e+09 | F6: 1.5934534e+09 | G6: 1.5416813e+09
A7: 1.1 | B7: Balance sheet items * | C7: 1.5146563e+09 | D7: 1.5646946e+09 | E7: 1.5474434e+09 | F7: 1.5385051e+09 | G7: 1.4884082e+09
A8: 1.1.1 | B8: Including: amounts below the thresholds for deduction (subject to 250% risk weight) | C8: 6700000 | D8: 6700000 | E8: 5500000 | F8: 5500000 | G8: 5500000
A9: 1.2 | B9: Off-balance sheet items | C9: 60203013 | D9: 61247716 | E9: 47628497 | F9: 53162807 | G9: 49724615
A10: 1.3 | B10: Counterparty credit risk | C10: 1614649.1 | D10: 582457.01 | E10: 1573036.7 | F10: 1785452.5 | G10: 3548491.8
A11: 2 | B11: Risk Weighted Assets for Market Risk | C11: 886867.27 | D11: 4173329.7 | E11: 4012826.2 | F11: 5291337.9 | G11: 3281644.6
A12: 3 | B12: Risk Weighted Assets for Operational Risk | C12: 1.6528965e+08 | D12: 1.6528965e+08 | E12: 1.6528965e+08 | F12: 1.6528965e+08 | G12: 148245985
A13: 4 | B13: Total Risk Weighted Assets | C13: 1.7426504e+09 | D13: 1.7959877e+09 | E13: 1.7659474e+09 | F13: 1.7640344e+09 | G13: 1.6932089e+09

Sheet 6. Administrators-shareholders
A1: Bank: | B1: =Info!C2 -> Terabank
A2: Date: | B2: ='1. key ratios'!B2 -> 46295
A4: Table 6 | B4: Information about supervisory board, directorate, beneficiary owners and shareholders
B5: Members of Supervisory Board | C5: Independence status
A6: 1 | B6: H.H. Sheikh Nahayan Mabarak Al Nahayan | C6: Non-independent chair
A7: 2 | B7: Abhijit Choudury | C7: Non-independent member
A8: 3 | B8: Seit Devdariani | C8: Independent member
A9: 4 | B9: Nana Mikashavidze | C9: Senior Independent member
A10: 5 | B10: Teona Mikadze | C10: Independent member
B14: Members of Board of Directors | C14: Position/Subordinated business units
A15: 1 | B15: Thea Lortkipanidze | C15: Chief Executive Officer
A16: 2 | B16: Sophia Jugeli | C16: Chief Financial Officer
A17: 3 | B17: Teimuraz Abuladze | C17: Chief Risks Officer
A18: 4 | B18: Vakhtang Khutsishvili | C18: Chief Operating Officer
A19: 5 | B19: David Verulashvili | C19: Chief Commercial Officer
B21: List of Shareholders owning 1% and more of issued capital, indicating Shares
A22: 1 | B22: H. H. Sheikh Nahayan Mabarak Al Nahayan | C22: 0.869
A23: 2 | B23: H. E. Sheikh Mohamed Buti Al Hamed | C23: 0.081
A24: 3 | B24: LTD "Investment Trading Group" | C24: 0.05
B27: List of bank beneficiaries indicating names of direct or indirect holders of 5% or more of shares
A28: 1 | B28: H. H. Sheikh Nahayan Mabarak Al Nahayan | C28: 0.869
A29: 2 | B29: H. E. Sheikh Mohamed Buti Al Hamed | C29: 0.081
A30: 3 | B30: LTD "Investment Trading Group" | C30: 0.05

Sheet 7. LI1
A1: Bank: | B1: =Info!C2 -> Terabank
A2: Date: | B2: ='1. key ratios'!B2 -> 46295
A4: Table 7 | B4: Linkages between financial statement assets and balance sheet items subject to credit risk weighting
C5: a | D5: b | E5: c
B6: Account name of standardazed supervisory balance sheet item | C6: Carrying values as reported in published stand-alone financial statements per IFRS | D6: Carrying values of items
D7: Not subject to capital requirements or subject to deduction from capital | E7: Subject to credit risk weighting
A8: 1 | B8: Cash, Cash balances with National Bank of Georgia and other banks | C8: 1.9176195e+08 | D8: 0 | E8: 1.9176195e+08
A9: 1.1 | B9: Cash on hand | C9: 53851443 | D9: 0 | E9: 53851443
A10: 1.2 | B10: Casha balances with National bank of Georgia | C10: 1.0966793e+08 | D10: 0 | E10: 1.0966793e+08
A11: 1.3 | B11: Cash balances with other banks | C11: 28242580 | D11: 0 | E11: 28242580
A12: 2 | B12: Financial assets held for trading | C12: 588123.34 | D12: 0 | E12: 588123.34
A13: 2.1 | B13: of which:derivatives | C13: 588123.34 | D13: 0 | E13: 588123.34
A14: 3 | B14: Non-trading financial assets mandatorily at fair value through profit or loss | C14: 0 | D14: 0 | E14: 0
A15: 4 | B15: Financial assets designated at fair value through profit or loss | C15: 0 | D15: 0 | E15: 0
A16: 5 | B16: Financial assets at fair value through other comprehensive income | C16: 0 | D16: 0 | E16: 0
A17: 5.1 | B17: Equity instruments | C17: 0 | D17: 0 | E17: 0
A18: 5.2 | B18: Debt securities | C18: 0 | D18: 0 | E18: 0
A19: 5.3 | B19: Loans and advances | C19: 0 | D19: 0 | E19: 0
... A36: 13.2 | B36: of which: dividends receivable | C36: 0 | D36: 0 | E36: 0
B37: Total exposures subject to credit risk weighting before adjustments | C37: 2.2300758e+09 | D37: 42106678 | E37: 2.1879691e+09

Sheet 8. LI2
A1: Bank: | B1: =Info!C2 -> Terabank
A2: Date: | B2: ='1. key ratios'!B2 -> 46295
A4: Table 8 | B4: Differences between values per standardized balance sheet used for regulatory reporting purposes and the exposure amounts used for capital adequacy calculation purposes | C4: in Lari
A5: 1 | B5: Total carrying value of balance sheet items subject to credit risk weighting before adjustments | C5: ='7. LI1'!E37 -> 2.1879691e+09
A6: 2.1 | B6: Nominal values of off-balance sheet items subject to credit risk weighting | C6: 1.3542047e+08
A7: 2.2 | B7: Nominal values of off-balance sheet items subject to counterparty credit risk weighting | C7: 49364896
A8: 3 | B8: Total values of on-balance and off-balance sheet items before any adjustments used for credit risk weighting purposes | C8: =SUM(C5:C7) -> 2.3727544e+09
A9: 4 | B9: Effect of provisioning rules used for capital adequacy purposes | C9: 0
A10: 5.1 | B10: Effect of credit conversion factor of off-balance sheet items related to credit risk framework | C10: -67910573
A11: 5.2 | B11: Effect of credit conversion factor of off-balance sheet items related to counterparty credit risk framework (table CCR) | C11: -46135598
A12: 6 | B12: Effect of other adjustments * | C12: 0
A13: 7 | B13: Total exposures subject to credit risk weighting | C13: =SUM(C8:C12) -> 2.2587083e+09

Sheet 9. Capital
A1: Bank: | B1: =Info!C2 -> Terabank
A2: Date: | B2: ='1. key ratios'!B2 -> 46295
A4: Table 9 | B4: Regulatory capital
A5: N | C5: in Lari
A6: 1 | B6: Common Equity Tier 1 capital before regulatory adjustments | C6: 334921679
A7: 2 | B7: Common shares that comply with the criteria for Common Equity Tier 1 | C7: 128022000
A8: 3 | B8: Stock surplus (share premium) of common share that meets the criteria of Common Equity Tier 1 | C8: 0
A9: 4 | B9: Accumulated other comprehensive income | C9: 0
A10: 5 | B10: Other disclosed reserves | C10: 0
A11: 6 | B11: Retained earnings (loss) | C11: 206899679
A12: 7 | B12: Regulatory Adjustments of Common Equity Tier 1 capital | C12: 42406952
A13: 8 | B13: Revaluation reserves on assets | C13: 0
A14: 9 | B14: Accumulated unrealized revaluation gains on assets through profit and loss to the extent that they exceed accumulated unrealized revaluation losses through profit and loss | C14: 0
A15: 10 | B15: Intangible assets | C15: 42106678
A16: 11 | B16: Shortfall of the stock of provisions to the provisions based on the Asset Classification | C16: 0
A17: 12 | B17: Investments in own shares | C17: 0
... A29: 24 | B29: Common Equity Tier 1 | C29: 2.9251473e+08
C30: 0
A31: 25 | B31: Additional tier 1 capital before regulatory adjustments | C31: 54707100
A32: 26 | B32: Instruments that comply with the criteria for Additional tier 1 capital | C32: 54707100
A33: 27 | B33: Including:instruments classified as equity under the relevant accounting standards | C33: 0
A34: 28 | B34: Including: instruments classified as liabilities under the relevant accounting standards | C34: 54707100
A35: 29 | B35: Stock surplus (share premium) that meet the criteria for Additional Tier 1 capital | C35: 0
A36: 30 | B36: Regulatory Adjustments of Additional Tier 1 capital | C36: 0
A37: 31 | B37: Investments in own Additional Tier 1 instruments | C37: 0
A38: 32 | B38: Reciprocal cross-holdings in Additional Tier 1 instruments | C38: 0
A39: 33 | B39: Significant investments in the Additional Tier 1 capital (that are not common shares) of commercial banks, insurance entities and other financial institutions | C39: 0
A40: 34 | B40: Investments in the capital of commercial banks, insurance entities and other financial institutions where the bank does not own more than 10% of the issued share capital (amount above 10% limit) | C40: 0
A41: 35 | B41: Regulatory adjustments applied to Additional Tier 1 resulting from shortfall of Tier 2 capital to deduct investments | C41: 0
A42: 36 | B42: Additional Tier 1 Capital | C42: 54707100
C43: 0
A44: 37 | B44: Tier 2 capital before regulatory adjustments | C44: 60513768
A45: 38 | B45: Instruments that comply with the criteria for Tier 2 capital | C45: 60513768
A46: 39 | B46: Stock surplus (share premium) that meet the criteria for Tier 2 capital | C46: 0
A47: 40 | B47: General reserves, limited to a maximum of 1.25% of the bank’s credit risk-weighted exposures | C47: 0
A48: 41 | B48: Regulatory Adjustments of Tier 2 Capital | C48: 0
A49: 42 | B49: Investments in own shares that meet the criteria for Tier 2 capital | C49: 0
A50: 43 | B50: Reciprocal cross-holdings in Tier 2 capital | C50: 0
A51: 44 | B51: Significant investments in the Tier 2 capital (that are not common shares) of commercial banks, insurance entities and other financial institutions | C51: 0
A52: 45 | B52: Investments in the capital of commercial banks, insurance entities and other financial institutions where the bank does not own more than 10% of the issued share capital (amount above 10% limit) | C52: 0
A53: 46 | B53: Tier 2 Capital | C53: 60513768

Sheet 9.1. Capital Requirements
A1: Bank: | B1: =Info!C2 -> Terabank
A2: Date: | B2: ='1. key ratios'!B2 -> 46295
A4: Table 9.1 | B4: Capital Adequacy Requirements
B5: Minimum Requirements | C5: Ratios | D5: Amounts (GEL)
A6: 1 | B6: Pillar 1 Requirements
A7: 1.1 | B7: Minimum CET1 Requirement | C7: 0.045 | D7: 78419270
A8: 1.2 | B8: Minimum Tier 1 Requirement | C8: 0.06 | D8: 1.0455903e+08
A9: 1.3 | B9: Minimum Regulatory Capital Requirement | C9: 0.08 | D9: 1.3941204e+08
A10: 2 | B10: Combined Buffer
A11: 2.1 | B11: Capital Conservation Buffer * | C11: 0.025 | D11: 43566261
A12: 2.2 | B12: Countercyclical Buffer | C12: 0.0075 | D12: 13069878
A13: 2.3 | B13: Systemic Risk Buffer | C13: 0 | D13: 0
A14: 3 | B14: Pillar 2 Requirements
A15: 3.1 | B15: CET1 Pillar 2 Requirement | C15: 0.060039427 | D15: 1.0462773e+08
A16: 3.2 | B16: Tier 1 Pillar2 Requirement | C16: 0.068606554 | D16: 1.1955724e+08
A17: 3.3 | B17: Regulatory capital Pillar 2 Requirement | C17: 0.079879091 | D17: 1.3920133e+08
B18: Total Requirements | C18: Ratios | D18: Amounts (GEL)
A19: 4 | B19: CET1 | C19: 0.13753943 | D19: 2.3968314e+08
A20: 5 | B20: Tier 1 | C20: 0.16110655 | D20: 2.8075241e+08
A21: 6 | B21: Total regulatory Capital | C21: 0.19237909 | D21: 3.3524951e+08

Sheet 9.2. MREL1
A1: Bank: | B1: =Info!C2 -> Terabank
A2: Date: | B2: ='1. key ratios'!B2 -> 46295
A3: Table 9.2 | B3: The table is filled only by systemically important banks
B5: MREL Resource
A6: Own funds and eligible liabilities | B6: =SUM(B7,B11) -> 4.077356e+08
A7: Own funds 1 | B7: =SUM(B8:B10) -> 4.077356e+08
A8: Common Equity Tier 1 (CET 1) | B8: 2.9251473e+08
A9: Additional Tier 1 Capital (AT 1) | B9: 54707100
A10: Tier 2 Capital (Tier 2) | B10: 60513768
A11: Eligible liabilities | B11: =SUM(B12:B13) -> 0
A12: Subordinated Loans (not classified as own funds)2 | B12: 0
A13: Eligible liabilities3 | B13: 0
A14: Total Liabilities and Own Funds (TLOF) | B14: =SUM(B15:B16) -> 4.077356e+08
A15: Total liabilities (except capital instruments) | B15: 0
A16: Own funds | B16: =B7 -> 4.077356e+08
A17: Total Risk Exposure Amount and Total Exposure Measure
A18: Total Risk Exposure Amount (TREA) | B18: 1.7426504e+09
A19: Total Exposure Measure (TEM) | B19: 0
A20: MREL ratios
A21: Own funds and eligible liabilities as a percentage of TREA | B21: =IFERROR(B6/B18,0) -> 0.2339744
A22: Own funds and eligible liabilities as a percentage of TEM | B22: =IFERROR(B6/B19,0) -> 0
A23: Own funds and eligible liabilities as a percentage of TLOF | B23: =IFERROR(B6/B14,0) -> 1
A24: 1 Capital Instruments
A25: 2 Includes the part of the subordinated liabilities that is amortized as well as subordinated liabilities that are not classified as own funds.
A26: 3 Includes eligible liabilities with a residual maturity of more than one year that are not classified as own funds. Additionally, contracts of these liabilitied may be governed by Georgian law or fully or partially be subject to a law of a foreign country jurisdiction. Contracts of liabilities fully or partially governed by foreign legislation must include a provision for using the bank's liability write-off or conversion resolution tool for recapitalization (bail-in clause).

Sheet 9.3. MREL2
A1: Bank: | B1: =Info!C2 -> Terabank
A2: Date: | B2: ='1. key ratios'!B2 -> 46295
A3: Table 9.3 | B3: The table is filled only by systemically important banks
B7: Residual Maturity | F7: Total
B8: < 1 year | C8: >= 1 year და <2 years | D8: >= 2 years | E8: perpetual
A9: Own funds and eligible liabilities | B9: =B13+B17 -> 0 | C9: =C13+C17 -> 0 | D9: =D13+D17 -> 0 | E9: =E13+E17 -> 0 | F9: =F13+F17 -> 0
A10: of which: contracts governed by Georgian law | B10: 0 | C10: 0 | D10: 0 | E10: 0 | F10: =SUM(B10:E10) -> 0
A11: of which: contracts governed by foreign country law | B11: 0 | C11: 0 | D11: 0 | E11: 0 | F11: =SUM(B11:E11) -> 0
A12: of which: contracts that include bail-in clause | B12: 0 | C12: 0 | D12: 0 | E12: 0 | F12: =SUM(B12:E12) -> 0
A13: Own funds
A14: of which: contracts governed by Georgian law
A15: of which: contracts governed by foreign country law
A16: of which: contracts that include bail-in clause
A17: Eligible liabilities
A18: of which: contracts governed by Georgian law
A19: of which: contracts governed by foreign country law
A20: of which: contracts that include bail-in clause

Sheet 10. CC2
A1: Bank: | B1: =Info!C2 -> Terabank
A2: Date: | B2: ='1. key ratios'!B2 -> 46295
A4: Table 10 | B4: Reconcilation of balance sheet to regulatory capital | D4: in Lari
A5: N | B5: On-balance sheet items per standardized regulatory report | C5: Carrying values as reported in published stand-alone financial statements per IFRS | D5: linkage to capital table
A6: 1 | B6: Cash, Cash balances with National Bank of Georgia and other banks | C6: 1.9176195e+08
A7: 1.1 | B7: Cash on hand | C7: 53851443
A8: 1.2 | B8: Casha balances with National bank of Georgia | C8: 1.0966793e+08
A9: 1.3 | B9: Cash balances with other banks | C9: 28242580
A10: 2 | B10: Financial assets held for trading | C10: 588123.34
A11: 2.1 | B11: of which:derivatives | C11: 588123.34
A12: 3 | B12: Non-trading financial assets mandatorily at fair value through profit or loss | C12: 0
A13: 4 | B13: Financial assets designated at fair value through profit or loss | C13: 0
A14: 5 | B14: Financial assets at fair value through other comprehensive income | C14: 0
A15: 5.1 | B15: Equity instruments | C15: 0
A16: 5.2 | B16: Debt securities | C16: 0
A17: 5.3 | B17: Loans and advances | C17: 0
... A25: 9.2 | B25: Investment property | C25: 0
A26: 10 | B26: Intangible assets | C26: 42106678 | D26: Table 9 (Capital), N10
A27: 10.1 | B27: Goodwill | C27: 20374000
A28: 10.2 | B28: Other intangible assets | C28: 21732678
A29: 11 | B29: Tax assets | C29: 896506.31
A30: 11.1 | B30: Current tax assets | C30: 896506.31
A31: 11.2 | B31: Deferred tax assets | C31: 0
A32: 13 | B32: Other assets | C32: 61222112
A33: 13.1 | B33: of which: repossessed collateral | C33: 52530837
A34: 13.2 | B34: of which: dividends receivable | C34: 0
A35: 14 | B35: TOTAL ASSETS | C35: 2.2300758e+09
B36: LIABILITIES | C36: 0
A37: 15 | B37: Financial liabilities held for trading | C37: 0
A38: 15.1 | B38: of which:derivatives | C38: 0
A39: 16 | B39: Financial liabilities designated at fair value through profit or loss | C39: 0
A40: 17 | B40: Financial liabilities measured at amortised cost | C40: 1.7748444e+09
A41: 17.1 | B41: Deposits | C41: 1.4431289e+09
A42: 17.2 | B42: borrowings | C42: 2.7992616e+08
A43: 17.3 | B43: Debt securities issued | C43: 21121861
A44: 17.4 | B44: Other financial liabilities | C44: 30667553
A45: 18 | B45: Provisions | C45: 431983.4
A46: 19 | B46: Tax liabilities | C46: 5161649
A47: 19.1 | B47: Current tax liabilities | C47: 0
A48: 19.2 | B48: Deferred tax liabilities | C48: 5161649
A49: 20 | B49: Subordinated liabilities | C49: 1.1450527e+08 | D49: Table 9 (Capital), N38
A50: 21 | B50: Other liabilities | C50: 210750.03
A51: 21.1 | B51: of which: dividends payable | C51: 0
A52: 22 | B52: TOTAL LIABILITIES | C52: 1.8951541e+09
B53: Equity | C53: 0
A54: 23 | B54: Share capital | C54: 128022000 | D54: Table 9 (Capital), N2
A55: 24 | B55: preference share | C55: 0
A56: 25 | B56: Share premium | C56: 0
A57: 26 | B57: (-) Treasury shares | C57: 0
A58: 27 | B58: Equity instruments issued other than capital | C58: 0
A59: 27.1 | B59: Equity component of compound financial instruments | C59: 0
A60: 27.2 | B60: Other equity instruments issued | C60: 0
A61: 28 | B61: Share-based payment reserve | C61: 0
A62: 29 | B62: Accumulated other comprehensive income | C62: 0
A63: 29.1 | B63: revaluation reserve | C63: 0
A64: 29.2 | B64: Fair value changes of equity instruments measured at fair value through other comprehensive income | C64: 0
A65: 29.3 | B65: Fair value changes of debt instruments measured at fair value through other comprehensive income | C65: 0
A66: 30 | B66: Retained earnings | C66: 206899679 | D66: Table 9 (Capital), N6
A67: 31 | B67: TOTAL EQUITY | C67: 334921679
A68: 32 | B68: TOTAL EQUITY AND TOTAL LIABILITIES | C68: 2.2300758e+09

Sheet 11. CRWA
A1: Bank: | B1: =Info!C2 -> Terabank
A2: Date: | B2: ='1. key ratios'!B2 -> 46295
A4: Table 11 | B4: Credit Risk Weighted Exposures (On-balance items and off-balance items after credit conversion factor)
C5: a | D5: b | E5: c | F5: d | G5: e | H5: f | I5: g | J5: h | K5: i | L5: j | M5: k | N5: l | O5: m | P5: n | Q5: o | R5: p | S5: q
B6: Risk weights Exposure classes | C6: 0 | E6: 0.2 | G6: 0.35 | I6: 0.5 | K6: 0.75 | M6: 1 | O6: 1.5 | Q6: 2.5 | S6: Risk Weighted Exposures before Credit Risk Mitigation
C7: On-balance sheet amount | D7: Off-balance sheet amount | E7: On-balance sheet amount | F7: Off-balance sheet amount | G7: On-balance sheet amount | H7: Off-balance sheet amount | I7: On-balance sheet amount | J7: Off-balance sheet amount | K7: On-balance sheet amount | L7: Off-balance sheet amount | M7: On-balance sheet amount | N7: Off-balance sheet amount | O7: On-balance sheet amount | P7: Off-balance sheet amount | Q7: On-balance sheet amount | R7: Off-balance sheet amount
A8: 1 | B8: Claims or contingent claims on central governments or central banks | C8: 2.4674655e+08 | D8: 0 | E8: 0 | F8: 0 | G8: 0 | H8: 0 | I8: 0 | J8: 0 | K8: 0 | L8: 0 | M8: 70194748 | N8: 0 | O8: 0 | P8: 0 | Q8: 0 | R8: 0 | S8: 70194748
A9: 2 | B9: Claims or contingent claims on regional governments or local authorities | C9: 0 | D9: 0 | E9: 0 | F9: 0 | G9: 0 | H9: 0 | I9: 0 | J9: 0 | K9: 0 | L9: 0 | M9: 0 | N9: 0 | O9: 0 | P9: 0 | Q9: 0 | R9: 0 | S9: 0
A10: 3 | B10: Claims or contingent claims on public sector entities | C10: 0 | D10: 0 | E10: 0 | F10: 0 | G10: 0 | H10: 0 | I10: 0 | J10: 0 | K10: 0 | L10: 0 | M10: 0 | N10: 0 | O10: 0 | P10: 0 | Q10: 0 | R10: 0 | S10: 0
A11: 4 | B11: Claims or contingent claims on multilateral development banks | C11: 0 | D11: 0 | E11: 0 | F11: 0 | G11: 0 | H11: 0 | I11: 0 | J11: 0 | K11: 0 | L11: 0 | M11: 0 | N11: 0 | O11: 0 | P11: 0 | Q11: 0 | R11: 0 | S11: 0
A12: 5 | B12: Claims or contingent claims on international organizations/institutions | C12: 0 | D12: 0 | E12: 0 | F12: 0 | G12: 0 | H12: 0 | I12: 0 | J12: 0 | K12: 0 | L12: 0 | M12: 0 | N12: 0 | O12: 0 | P12: 0 | Q12: 0 | R12: 0 | S12: 0
A13: 6 | B13: Claims or contingent claims on commercial banks | C13: 0 | D13: 0 | E13: 16728857 | F13: 0 | G13: 0 | H13: 0 | I13: 11271595 | J13: 0 | K13: 0 | L13: 0 | M13: 946827.29 | N13: 0 | O13: 0 | P13: 0 | Q13: 0 | R13: 0 | S13: 9928395.9
A14: 7 | B14: Claims or contingent claims on corporates | C14: 0 | D14: 0 | E14: 0 | F14: 0 | G14: 0 | H14: 0 | I14: 0 | J14: 0 | K14: 0 | L14: 0 | M14: 7.3275602e+08 | N14: 49168578 | O14: 0 | P14: 0 | Q14: 0 | R14: 0 | S14: 7.8192459e+08
A15: 8 | B15: Retail claims or contingent retail claims | C15: 0 | D15: 0 | E15: 0 | F15: 0 | G15: 0 | H15: 0 | I15: 0 | J15: 0 | K15: 7.1630458e+08 | L15: 17377488 | M15: 0 | N15: 0 | O15: 0 | P15: 0 | Q15: 0 | R15: 0 | S15: 5.5026155e+08
A16: 9 | B16: Claims or contingent claims secured by mortgages on residential property | C16: 0 | D16: 0 | E16: 0 | F16: 0 | G16: 1.6853885e+08 | H16: 963828.68 | I16: 0 | J16: 0 | K16: 0 | L16: 0 | M16: 0 | N16: 0 | O16: 0 | P16: 0 | Q16: 0 | R16: 0 | S16: 59325936
A17: 10 | B17: Past due items | C17: 0 | D17: 0 | E17: 0 | F17: 0 | G17: 0 | H17: 0 | I17: 0 | J17: 0 | K17: 0 | L17: 0 | M17: 0 | N17: 0 | O17: 31607167 | P17: 0 | Q17: 0 | R17: 0 | S17: 47410751
A18: 11 | B18: Items belonging to regulatory high-risk categories | C18: 0 | D18: 0 | E18: 0 | F18: 0 | G18: 0 | H18: 0 | I18: 0 | J18: 0 | K18: 0 | L18: 0 | M18: 0 | N18: 0 | O18: 0 | P18: 0 | Q18: 0 | R18: 0 | S18: 0
A19: 12 | B19: Short-term claims on commercial banks and corporates | C19: 0 | D19: 0 | E19: 0 | F19: 0 | G19: 0 | H19: 0 | I19: 0 | J19: 0 | K19: 0 | L19: 0 | M19: 0 | N19: 0 | O19: 0 | P19: 0 | Q19: 0 | R19: 0 | S19: 0
... A21: 14 | B21: Other items | C21: 53839031 | D21: 0 | E21: 12411.88 | F21: 0 | G21: 0 | H21: 0 | I21: 0 | J21: 0 | K21: 0 | L21: 0 | M21: 1.322964e+08 | N21: 0 | O21: 0 | P21: 0 | Q21: 6726054 | R21: 0 | S21: 1.4911401e+08
B22: Total | C22: 3.0058558e+08 | D22: 0 | E22: 16741269 | F22: 0 | G22: 1.6853885e+08 | H22: 963828.68 | I22: 11271595 | J22: 0 | K22: 7.1630458e+08 | L22: 17377488 | M22: 9.3619399e+08 | N22: 49168578 | O22: 31607167 | P22: 0 | Q22: 6726054 | R22: 0 | S22: 1.66816e+09

Sheet 12. CRM
A1: Bank: | B1: =Info!C2 -> Terabank
A2: Date: | B2: ='1. key ratios'!B2 -> 46295
A4: Table 12 | B4: Credit Risk Mitigation | V4: in Lari
C5: Funded Credit Protection | M5: Unfunded Credit Protection | T5: Total Credit Risk Mitigation - On-balance sheet | U5: Total Credit Risk Mitigation - Off-balance sheet | V5: Total Credit Risk Mitigation
C6: On-balance sheet netting | D6: Cash on deposit with, or cash assimilated instruments | E6: Debt securities issued by central governments or central banks, regional governments or local authorities, public sector entities, multilateral development banks and international organizations/institutions | F6: Debt securities issued by regional governments or local authorities, public sector entities, multilateral development banks and international organizations/institutions | G6: Debt securities issued by other entities, which securities have a credit assessment, which has been determined by NBG to be associated with credit quality step 3 or above under the rules for the risk weighting of exposures to corporates. | H6: Debt securities with a short-term credit assessment, which has been determined by NBG to be associated with credit quality step 3 or above under the rules for the risk weighting of short term exposures | I6: Equities or convertible bonds that are included in a main index | J6: Standard gold bullion or equivalent | K6: Debt securities without credit rating issued by commercial banks | L6: Units in collective investment undertakings | M6: Central governments or central banks | N6: Regional governments or local authorities | O6: Multilateral development banks | P6: International organizations / institutions | Q6: Public sector entities | R6: Commercial banks | S6: Other corporate entities that have a credit assessment, which has been determined by NBG to be associated with credit quality step 2 or above under the rules for the risk weighting of exposures to corporates
A7: 1 | B7: Claims or contingent claims on central governments or central banks | C7: 0 | D7: 0 | E7: 0 | F7: 0 | G7: 0 | H7: 0 | I7: 0 | J7: 0 | K7: 0 | L7: 0 | M7: 0 | N7: 0 | O7: 0 | P7: 0 | Q7: 0 | R7: 0 | S7: 0 | T7: 0 | U7: 0 | V7: =SUM(C7:S7) -> 0
A8: 2 | B8: Claims or contingent claims on regional governments or local authorities | C8: 0 | D8: 0 | E8: 0 | F8: 0 | G8: 0 | H8: 0 | I8: 0 | J8: 0 | K8: 0 | L8: 0 | M8: 0 | N8: 0 | O8: 0 | P8: 0 | Q8: 0 | R8: 0 | S8: 0 | T8: 0 | U8: 0 | V8: =SUM(C8:S8) -> 0
A9: 3 | B9: Claims or contingent claims on public sector entities | C9: 0 | D9: 0 | E9: 0 | F9: 0 | G9: 0 | H9: 0 | I9: 0 | J9: 0 | K9: 0 | L9: 0 | M9: 0 | N9: 0 | O9: 0 | P9: 0 | Q9: 0 | R9: 0 | S9: 0 | T9: 0 | U9: 0 | V9: =SUM(C9:S9) -> 0
A10: 4 | B10: Claims or contingent claims on multilateral development banks | C10: 0 | D10: 0 | E10: 0 | F10: 0 | G10: 0 | H10: 0 | I10: 0 | J10: 0 | K10: 0 | L10: 0 | M10: 0 | N10: 0 | O10: 0 | P10: 0 | Q10: 0 | R10: 0 | S10: 0 | T10: 0 | U10: 0 | V10: =SUM(C10:S10) -> 0
A11: 5 | B11: Claims or contingent claims on international organizations/institutions | C11: 0 | D11: 0 | E11: 0 | F11: 0 | G11: 0 | H11: 0 | I11: 0 | J11: 0 | K11: 0 | L11: 0 | M11: 0 | N11: 0 | O11: 0 | P11: 0 | Q11: 0 | R11: 0 | S11: 0 | T11: 0 | U11: 0 | V11: =SUM(C11:S11) -> 0
A12: 6 | B12: Claims or contingent claims on commercial banks | C12: 0 | D12: 0 | E12: 0 | F12: 0 | G12: 0 | H12: 0 | I12: 0 | J12: 0 | K12: 0 | L12: 0 | M12: 0 | N12: 0 | O12: 0 | P12: 0 | Q12: 0 | R12: 0 | S12: 0 | T12: 0 | U12: 0 | V12: =SUM(C12:S12) -> 0
A13: 7 | B13: Claims or contingent claims on corporates | C13: 0 | D13: 29986915 | E13: 0 | F13: 0 | G13: 0 | H13: 0 | I13: 0 | J13: 0 | K13: 0 | L13: 0 | M13: 17754413 | N13: 0 | O13: 728237.41 | P13: 0 | Q13: 0 | R13: 0 | S13: 0 | T13: 46365207 | U13: 2104358.2 | V13: =SUM(C13:S13) -> 48469566
A14: 8 | B14: Retail claims or contingent retail claims | C14: 0 | D14: 3979459.8 | E14: 0 | F14: 0 | G14: 0 | H14: 0 | I14: 0 | J14: 0 | K14: 0 | L14: 0 | M14: 6021413.4 | N14: 0 | O14: 22272423 | P14: 0 | Q14: 0 | R14: 0 | S14: 0 | T14: 32041633 | U14: 231662.87 | V14: =SUM(C14:S14) -> 32273296
A15: 9 | B15: Claims or contingent claims secured by mortgages on residential property | C15: 0 | D15: 0 | E15: 0 | F15: 0 | G15: 0 | H15: 0 | I15: 0 | J15: 0 | K15: 0 | L15: 0 | M15: 144609.71 | N15: 0 | O15: 637546.05 | P15: 0 | Q15: 0 | R15: 0 | S15: 0 | T15: 782155.76 | U15: 0 | V15: =SUM(C15:S15) -> 782155.76
A16: 10 | B16: Past due items | C16: 0 | D16: 0 | E16: 0 | F16: 0 | G16: 0 | H16: 0 | I16: 0 | J16: 0 | K16: 0 | L16: 0 | M16: 11045718 | N16: 0 | O16: 729970.65 | P16: 0 | Q16: 0 | R16: 0 | S16: 0 | T16: 11775689 | U16: 0 | V16: =SUM(C16:S16) -> 11775689
A17: 11 | B17: Items belonging to regulatory high-risk categories | C17: 0 | D17: 0 | E17: 0 | F17: 0 | G17: 0 | H17: 0 | I17: 0 | J17: 0 | K17: 0 | L17: 0 | M17: 0 | N17: 0 | O17: 0 | P17: 0 | Q17: 0 | R17: 0 | S17: 0 | T17: 0 | U17: 0 | V17: =SUM(C17:S17) -> 0
A18: 12 | B18: Short-term claims on commercial banks and corporates | C18: 0 | D18: 0 | E18: 0 | F18: 0 | G18: 0 | H18: 0 | I18: 0 | J18: 0 | K18: 0 | L18: 0 | M18: 0 | N18: 0 | O18: 0 | P18: 0 | Q18: 0 | R18: 0 | S18: 0 | T18: 0 | U18: 0 | V18: =SUM(C18:S18) -> 0
... A20: 14 | B20: Other items | C20: 0 | D20: 0 | E20: 0 | F20: 0 | G20: 0 | H20: 0 | I20: 0 | J20: 0 | K20: 0 | L20: 0 | M20: 0 | N20: 0 | O20: 0 | P20: 0 | Q20: 0 | R20: 0 | S20: 0 | T20: 0 | U20: 0 | V20: =SUM(C20:S20) -> 0
B21: Total | C21: =SUM(C7:C20) -> 0 | D21: =SUM(D7:D20) -> 33966375 | E21: =SUM(E7:E20) -> 0 | F21: =SUM(F7:F20) -> 0 | G21: =SUM(G7:G20) -> 0 | H21: =SUM(H7:H20) -> 0 | I21: =SUM(I7:I20) -> 0 | J21: =SUM(J7:J20) -> 0 | ... V21: =SUM(V7:V20) -> 93300706

Sheet 13. CRME
A1: Bank: | B1: =Info!C2 -> Terabank
A2: Date: | B2: ='1. key ratios'!B2 -> 46295
A4: Table 13 | B4: Standardized approach - Effect of credit risk mitigation
C5: a | D5: b | E5: c | F5: d | G5: e | H5: f
B6: Asset Classes | C6: On-balance sheet exposures | D6: Off-balance sheet exposures | F6: RWA before Credit Risk Mitigation | G6: RWA post Credit Risk Mitigation | H6: RWA Density f=e/(a+c)
D7: Off-balance sheet exposures - Nominal value | E7: Off-balance sheet exposures post CCF
A8: 1 | B8: Claims or contingent claims on central governments or central banks | C8: 3.169413e+08 | D8: 0 | E8: 0 | F8: 70194748 | G8: 70194748 | H8: 0.22147555
A9: 2 | B9: Claims or contingent claims on regional governments or local authorities | C9: 0 | D9: 0 | E9: 0 | F9: 0 | G9: 0
A10: 3 | B10: Claims or contingent claims on public sector entities | C10: 0 | D10: 0 | E10: 0 | F10: 0 | G10: 0
A11: 4 | B11: Claims or contingent claims on multilateral development banks | C11: 0 | D11: 0 | E11: 0 | F11: 0 | G11: 0
A12: 5 | B12: Claims or contingent claims on international organizations/institutions | C12: 0 | D12: 0 | E12: 0 | F12: 0 | G12: 0
A13: 6 | B13: Claims or contingent claims on commercial banks | C13: 28947279 | D13: 0 | E13: 0 | F13: 9928395.9 | G13: 9928395.9 | H13: 0.34298201
A14: 7 | B14: Claims or contingent claims on corporates | C14: 7.3275602e+08 | D14: 94994722 | E14: 49168578 | F14: 7.8192459e+08 | G14: 7.3345503e+08 | H14: 0.93801248
A15: 8 | B15: Retail claims or contingent retail claims | C15: 7.1630458e+08 | D15: 38537385 | E15: 17377488 | F15: 5.5026155e+08 | G15: 5.1798826e+08 | H15: 0.70601188
A16: 9 | B16: Claims or contingent claims secured by mortgages on residential property | C16: 1.6853885e+08 | D16: 1888360.8 | E16: 963828.68 | F16: 59325936 | G16: 58543780 | H16: 0.34538558
A17: 10 | B17: Past due items | C17: 31607167 | D17: 0 | E17: 0 | F17: 47410751 | G17: 35635062 | H17: 1.1274361
A18: 11 | B18: Items belonging to regulatory high-risk categories | C18: 0 | D18: 0 | E18: 0 | F18: 0 | G18: 0
A19: 12 | B19: Short-term claims on commercial banks and corporates | C19: 0 | D19: 0 | E19: 0 | F19: 0 | G19: 0
A20: 13 | B20: Claims in the form of collective investment undertakings (‘CIU’) | C20: 0 | D20: 0 | E20: 0 | F20: 0 | G20: 0
A21: 14 | B21: Other items | C21: 1.9287389e+08 | D21: 0 | E21: 0 | F21: 1.4911401e+08 | G21: 1.4911401e+08 | H21: 0.77311663
B22: Total | C22: 2.1879691e+09 | D22: 1.3542047e+08 | E22: 67509894 | F22: 1.66816e+09 | G22: 1.5748593e+09 | H22: 0.69823718

Sheet 14. LCR
A1: Bank: | B1: =Info!C2 -> Terabank
A2: Date: | B2: ='1. key ratios'!B2 -> 46295
A4: Table 11 | B4: Liquidity Coverage Ratio
C5: Total unweighted value (daily average) | F5: Total weighted values according to NBG's methodology* (daily average) | I5: Total weighted values according to Basel methodology (daily average)
C6: GEL | D6: FX | E6: Total | F6: GEL | G6: FX | H6: Total | I6: GEL | J6: FX | K6: Total
A7: High-quality liquid assets
A8: 1 | B8: Total HQLA | F8: 2.9247859e+08 | G8: 1.3456231e+08 | H8: 4.270409e+08 | I8: 2.7059498e+08 | J8: 99613533 | K8: 3.7020851e+08
A9: Cash outflows
A10: 2 | B10: Retail deposits | C10: 2.258084e+08 | D10: 3.198219e+08 | E10: 5.4563031e+08 | F10: 34170508 | G10: 50056575 | H10: 84227083 | I10: 6762874.2 | J10: 9375172.5 | K10: 16138047
A11: 3 | B11: Unsecured wholesale funding | C11: 7.6111723e+08 | D11: 4.659082e+08 | E11: 1.2270254e+09 | F11: 2.0088074e+08 | G11: 49331165 | H11: 2.502119e+08 | I11: 1.7053547e+08 | J11: 42534205 | K11: 2.1306967e+08
A12: 4 | B12: Secured wholesale funding | C12: 11258235 | D12: 0 | E12: 11258235 | F12: 0 | G12: 0 | H12: 0 | I12: 0 | J12: 0 | K12: 0
A13: 5 | B13: Outflows related to off-balance sheet obligations and net short position of derivative exposures | C13: 75021394 | D13: 1.0895284e+08 | E13: 1.8397424e+08 | F13: 16477835 | G13: 28333078 | H13: 44810913 | I13: 7178877.4 | J13: 14224689 | K13: 21403567
A14: 6 | B14: Other contractual funding obligations | C14: 17985150 | D14: 17191472 | E14: 35176622 | F14: 0 | G14: 0 | H14: 0 | I14: 0 | J14: 0 | K14: 0
A15: 7 | B15: Other contingent funding obligations | C15: 24075657 | D15: 6456524 | E15: 30532181 | F15: 6349126.3 | G15: 4336533 | H15: 10685659 | I15: 6349126.3 | J15: 4336533 | K15: 10685659
A16: 8 | B16: TOTAL CASH OUTFLOWS | C16: 1.1152661e+09 | D16: 9.1833094e+08 | E16: 2.033597e+09 | F16: 2.5787821e+08 | G16: 1.3205735e+08 | H16: 3.8993556e+08 | I16: 1.9082635e+08 | J16: 70470600 | K16: 2.6129695e+08
A17: Cash inflows | C17: 0 | D17: 0 | E17: 0 | F17: 0 | G17: 0 | H17: 0 | I17: 0 | J17: 0 | K17: 0
A18: 9 | B18: Secured lending (eg reverse repos) | C18: 0 | D18: 0 | E18: 0 | F18: 0 | G18: 0 | H18: 0 | I18: 0 | J18: 0 | K18: 0
A19: 10 | B19: Inflows from fully performing exposures | C19: 8.396262e+08 | D19: 6.9990406e+08 | E19: 1.5395303e+09 | F19: 50394512 | G19: 11324532 | H19: 61719044 | I19: 72278124 | J19: 46295164 | K19: 1.1857329e+08
A20: 11 | B20: Other cash inflows | C20: 49841223 | D20: 13243783 | E20: 63085006 | F20: 9103338.1 | G20: 7721942.1 | H20: 16825280 | I20: 9103338.1 | J20: 7721942.1 | K20: 16825280
A21: 12 | B21: TOTAL CASH INFLOWS | C21: 8.8946743e+08 | D21: 7.1314785e+08 | E21: 1.6026153e+09 | F21: 59497850 | G21: 19046474 | H21: 78544324 | I21: 81381462 | J21: 54017106 | K21: 1.3539857e+08
F22: Total value according to NBG's methodology* (with limits) | I22: Total value according to Basel methodology (with limits)
A23: 13 | B23: Total HQLA | F23: 2.9247859e+08 | G23: 1.3456231e+08 | H23: 4.270409e+08 | I23: 2.7059498e+08 | J23: 99613533 | K23: 3.7020851e+08
A24: 14 | B24: Net cash outflow | F24: 1.9838036e+08 | G24: 1.1301088e+08 | H24: 3.1139123e+08 | I24: 1.0944488e+08 | J24: 17617650 | K24: 1.2589838e+08
A25: 15 | B25: Liquidity coverage ratio (%) | F25: 1.4743324 | G25: 1.1907023 | H25: 1.3713967 | I25: 2.4724315 | J25: 5.6541896 | K25: 2.9405344
B27: * Commercial banks are required to comply with the limits by coefficients calculated according to NBG's methodology. The numbers calculated within Basel framework are given for illustratory purposes.

Sheet 15. CCR
A1: Bank: | B1: =Info!C2 -> Terabank
A2: Date: | B2: ='1. key ratios'!B2 -> 46295
B4: Table 15 Counterparty credit risk weighted risk exposures
B5: Derivative contracts | C5: Nominal Amount | D5: Current Market Value (CMV) | E5: Collateral Value | F5: Replacement Cost (RC) | G5: Potential Future Exposure (PFE) | H5: Supervisory Alfa Factor (α) | I5: Exposure at Default | J5: 0.02 | K5: 0.2 | L5: 0.35 | M5: 0.5 | N5: 0.75 | O5: 1 | P5: 1.5 | Q5: Counterparty Credit Risk Weighted Risk Exposures
C6: 49364896 | D6: 561630.83 | E6: FALSE | F6: 644657.73 | G6: 1661983.8 | H6: 0 | I6: 3229298.2 | J6: FALSE | K6: FALSE | L6: FALSE | M6: 3229298.2 | N6: FALSE | O6: FALSE | P6: FALSE | Q6: 1614649.1
B7: Calculated under Standardised Method | C7: 0 | D7: 0 | E7: 0 | F7: 0 | G7: 0 | H7: 1.4 | I7: 0 | J7: 0 | K7: 0 | L7: 0 | M7: 0 | N7: 0 | O7: 0 | P7: 0 | Q7: 0
B8: Calculated under Simplified Standardised Method | C8: 0 | D8: 0 | E8: 0 | F8: 0 | G8: 0 | H8: 1.4 | I8: 0 | J8: 0 | K8: 0 | L8: 0 | M8: 0 | N8: 0 | O8: 0 | P8: 0 | Q8: 0
B9: Calculated under Original Risk Exposure Method | C9: 49364896 | D9: 561630.83 | E9: 0 | F9: 644657.73 | G9: 1661983.8 | H9: 1.4 | I9: 3229298.2 | J9: 0 | K9: 0 | L9: 0 | M9: 3229298.2 | N9: 0 | O9: 0 | P9: 0 | Q9: 1614649.1
B10: Contracts with Qualified Central Counterparty | C10: 0 | D10: 0 | E10: 0 | F10: 0 | G10: 0 | H10: 1.4 | I10: 0 | J10: 0 | K10: 0 | L10: 0 | M10: 0 | N10: 0 | O10: 0 | P10: 0 | Q10: 0
B11: Calculated under Standardised Method | C11: 0 | D11: 0 | E11: 0 | F11: 0 | G11: 0 | H11: 1.4 | I11: 0 | J11: 0 | K11: 0 | L11: 0 | M11: 0 | N11: 0 | O11: 0 | P11: 0 | Q11: 0
B12: Calculated under Simplified Standardised Method | C12: 0 | D12: 0 | E12: 0 | F12: 0 | G12: 0 | H12: 1.4 | I12: 0 | J12: 0 | K12: 0 | L12: 0 | M12: 0 | N12: 0 | O12: 0 | P12: 0 | Q12: 0
B13: Calculated under Original Risk Exposure Method | C13: 0 | D13: 0 | E13: 0 | F13: 0 | G13: 0 | H13: 1.4 | I13: 0 | J13: 0 | K13: 0 | L13: 0 | M13: 0 | N13: 0 | O13: 0 | P13: 0 | Q13: 0
B14: Contracts with Central Counterparty | C14: 0 | D14: 0 | E14: 0 | F14: 0 | G14: 0 | H14: 1.4 | I14: 0 | J14: 0 | K14: 0 | L14: 0 | M14: 0 | N14: 0 | O14: 0 | P14: 0 | Q14: 0
B15: Calculated under Standardised Method | C15: 0 | D15: 0 | E15: 0 | F15: 0 | G15: 0 | H15: 1.4 | I15: 0 | J15: 0 | K15: 0 | L15: 0 | M15: 0 | N15: 0 | O15: 0 | P15: 0 | Q15: 0
B16: Calculated under Simplified Standardised Method | C16: 0 | D16: 0 | E16: 0 | F16: 0 | G16: 0 | H16: 1.4 | I16: 0 | J16: 0 | K16: 0 | L16: 0 | M16: 0 | N16: 0 | O16: 0 | P16: 0 | Q16: 0
B17: Calculated under Original Risk Exposure Method | C17: 0 | D17: 0 | E17: 0 | F17: 0 | G17: 0 | H17: 1.4 | I17: 0 | J17: 0 | K17: 0 | L17: 0 | M17: 0 | N17: 0 | O17: 0 | P17: 0 | Q17: 0
B18: Contract with Commercial Banks | C18: 41549596 | D18: 561630.83 | E18: 0 | F18: 644657.73 | G18: 1661983.8 | H18: 1.4 | I18: 3229298.2 | J18: 0 | K18: 0 | L18: 0 | M18: 3229298.2 | N18: 0 | O18: 0 | P18: 0 | Q18: 1614649.1
... B33: Calculated under Original Risk Exposure Method | C33: 0 | D33: 0 | E33: 0 | F33: 0 | G33: 0 | H33: 1.4 | I33: 0 | J33: 0 | K33: 0 | L33: 0 | M33: 0 | N33: 0 | O33: 0 | P33: 0 | Q33: 0
B34: Total | C34: 49364896 | D34: 561630.83 | E34: FALSE | F34: 644657.73 | G34: 1661983.8 | H34: 1.4 | I34: 3229298.2 | J34: FALSE | K34: FALSE | L34: FALSE | M34: 3229298.2 | N34: FALSE | O34: FALSE | P34: FALSE | Q34: 1614649.1

Sheet 15.1 LR
A1: Bank: | B1: =Info!C2 -> Terabank
A2: Date: | B2: ='1. key ratios'!B2 -> 46295
A4: Table 15.1 | B4: Leverage Ratio
A5: On-balance sheet exposures (excluding derivatives and SFTs)
A6: 1 | B6: On-balance sheet items (excluding derivatives, SFTs and fiduciary assets, but including collateral) | C6: 2.2300758e+09
A7: 2 | B7: (Asset amounts deducted in determining Tier 1 capital) | C7: -42406952
A8: 3 | B8: Total on-balance sheet exposures (excluding derivatives, SFTs and fiduciary assets) (sum of lines 1 and 2) | C8: =C6+C7 -> 2.1876688e+09
A9: Derivative exposures
A10: 4 | B10: Replacement cost associated with all derivatives transactions | C10: ='15. CCR'!F34 -> 644657.73
A11: 5 | B11: Potential Future Exposure associated with all derivatives transactions | C11: ='15. CCR'!G34 -> 1661983.8
A12: 6 | B12: Risk positions defined by the Counterparty Credit Risk Regulation | C12: ='15. CCR'!I34 -> 3229298.2
A13: 7 | B13: Value of collateral received in exchange for derivative instruments | C13: ='15. CCR'!E34 -> FALSE
A14: 8 | B14: Total derivative exposures (sum of lines 4 to 10) | C14: =C12 -> 3229298.2
A15: Securities financing transaction exposures
A16: 9 | B16: Gross SFT assets (with no recognition of netting), after adjusting for sales accounting transactions | C16: 0
A17: 10 | B17: (Netted amounts of cash payables and cash receivables of gross SFT assets) | C17: 0
A18: 11 | B18: Counterparty credit risk exposure for SFT assets | C18: 0
A19: 12 | B19: Derogation for SFTs: Counterparty credit risk exposure in accordance with Article 429b (4) and 222 of Regulation (EU) No 575/2013 | C19: 0
A20: 14 | B20: Agent transaction exposures | C20: 0
A21: 14 | B21: (Exempted CCP leg of client-cleared SFT exposure) | C21: 0
A22: 15 | B22: Total securities financing transaction exposures (sum of lines 12 to 15a) | C22: =SUM(C16:C21) -> 0
A23: Other off-balance sheet exposures
A24: 16 | B24: Off-balance sheet exposures at gross notional amount | C24: 1.3542047e+08
A25: 17 | B25: (Adjustments for conversion to credit equivalent amounts) | C25: -67910573
A26: 18 | B26: Other off-balance sheet exposures (sum of lines 17 to 18) | C26: =C24+C25 -> 67509894
A27: Exempted exposures in accordance with CRR Article 429 (7) and (14) (on and off balance sheet)
A28: 19 | B28: (Exemption of intragroup exposures (solo basis) in accordance with Article 429(7) of Regulation (EU) No 575/2013 (on and off balance sheet)) | C28: 0
A29: 20 | B29: (Exposures exempted in accordance with Article 429 (14) of Regulation (EU) No 575/2013 (on and off balance sheet)) | C29: 0
A30: Capital and total exposures
A31: 21 | B31: Tier 1 capital | C31: ='1. key ratios'!C9 -> 3.4722183e+08
A32: 22 | B32: Total leverage ratio exposures (sum of lines 3, 11, 16, 19, EU-19a and EU-19b) | C32: =C8+C14+C22+C26 -> 2.258408e+09
A33: Leverage ratio
A34: 23 | B34: Leverage ratio | C34: =IFERROR(C31/C32,0) -> 0.15374628
A35: Choice on transitional arrangements and amount of derecognised fiduciary items
A36: EU-23 | B36: Choice on transitional arrangements for the definition of the capital measure | C36: 0
A37: EU-24 | B37: Amount of derecognised fiduciary items in accordance with Article 429(11) of Regulation (EU) NO 575/2013 | C37: 0

Sheet 15.2 CVA
A1: Bank: | B1: =Info!C2 -> Terabank
A2: Date: | B2: ='1. key ratios'!B2 -> 46295
A4: Table 15.2. Counterparty credit risk weighted risk exposures -Credit Valuation Adjustment (CVA)
C5: Risk Exposure Discounted for Credit Valuation Adjustment | D5: Credit Valuation Adjustment Expense | E5: Written-off Credit Valuation Adjustment Expense | F5: Counterparty Credit Risk Credit Valuation Adjustment risk weighted Risk Exposures
B6: Credit Valuation Adjustment | C6: 3692242.6 | D6: 13132.841 | E6: FALSE | F6: 164160.52
B7: Calculated under Standardised Method | C7: 0 | D7: 0 | E7: 0 | F7: 0
B8: Calculated under Simplified Standardised Method | C8: 0 | D8: 0 | E8: 0 | F8: 0
B9: Calculated under Original Risk Exposure Method | C9: 3692242.6 | D9: 13132.841 | E9: 0 | F9: 164160.52

Sheet 16. NSFR
A1: Bank: | B1: =Info!C2 -> Terabank
A2: Date: | B2: ='1. key ratios'!B2 -> 46295
A4: Table 16 | B4: Net Stable Funding Ratio
C5: Unweighted value by residual maturity | G5: Weighted value
C6: No maturity | D6: < 6 month | E6: 6 month to <1yr | F6: >= 1 yr
B7: Available stable funding
A8: 1 | B8: Capital: | C8: 3.4722183e+08 | D8: 0 | E8: 0 | F8: 3.1076883e+08 | G8: 6.5799066e+08
A9: 2 | B9: Regulatory capital | C9: 3.4722183e+08 | D9: 0 | E9: 0 | F9: 60513768 | G9: 4.077356e+08
A10: 3 | B10: Other non-redeemable capital instruments and liabilities with remaining maturity more than 1 year | F10: 2.5025506e+08 | G10: 2.5025506e+08
A11: 4 | B11: Redeemable retail deposits or non-redeemable retail deposits with residual maturity of less than one year | C11: 1.6866955e+08 | D11: 2.4525382e+08 | E11: 1.402537e+08 | F11: 6562384.6 | G11: 5.1411955e+08
A12: 5 | B12: Residents' deposits | C12: 1.5017389e+08 | D12: 2.2889721e+08 | E12: 1.3405343e+08 | F12: 6319530.5 | G12: 4.9347185e+08
A13: 6 | B13: Non-residents' deposits | C13: 18495658 | D13: 16356608 | E13: 6200275.7 | F13: 242854.14 | G13: 20647698
A14: 7 | B14: Wholesale funding | C14: 4.4690134e+08 | D14: 2.5370547e+08 | E14: 2.1238476e+08 | F14: 6000050 | G14: 4.190436e+08
A15: 8 | B15: Redeemable funding or non-redeemable funding with residual maturity of less than one year, provided by the government or enterprises controlled by the government, international financial institutions and legal entities, excluding representatives of financial sector | C15: 4.231947e+08 | D15: 1.9650769e+08 | E15: 1.4439935e+08 | F15: 6000050 | G15: 3.850509e+08
A16: 9 | B16: Redeemable funding or non-redeemable funding with residual maturity of less than one year, provided by the central banks and other financial institutions | C16: 23706632 | D16: 57197789 | E16: 67985412 | F16: 0 | G16: 33992706
A17: 10 | B17: Liabilities with matching interdependent assets | C17: 0 | D17: 0 | E17: 0 | F17: 0 | G17: 0
A18: 11 | B18: Other liabilities: | C18: 0 | D18: 26959922 | E18: 5572820.1 | F18: 17714608 | G18: 0
A19: 12 | B19: Liabilities related to derivatives | C19: 0 | D19: 0 | E19: 0 | F19: 0 | G19: 0
A20: 13 | B20: All other liabilities and equity not included in the above categories | C20: 0 | D20: 26959922 | E20: 5572820.1 | F20: 17714608 | G20: 0
A21: 14 | B21: Total available stable funding | G21: =SUM(G8,G11,G14,G17,G18) -> 1.5911538e+09
B22: Required stable funding
A23: 15 | B23: Total high-quality liquid assets (HQLA) | C23: 4.4344887e+08 | D23: 0 | E23: 0 | F23: 703199.73 | G23: 14699675
A24: 16 | B24: Performing loans and securities: | C24: 85046.081 | D24: 2.6569598e+08 | E24: 1.7955699e+08 | F24: 1.038735e+09 | G24: 1.0717539e+09
A25: 17 | B25: Loans and deposits to financial institutions secured by Level 1 HQLA | D25: 0 | E25: 0 | F25: 0 | G25: 0
A26: 18 | B26: Loans and deposits to financial institutions secured by non-Level 1 HQLA and unsecured performing loans to financial institutions | C26: 85046.081 | D26: 37387699 | E26: 2694374.4 | F26: 9098992.1 | G26: 16067091
A27: 19 | B27: Loans to non-financial institutions and retail customers, of which: | D27: 1.8597326e+08 | E27: 1.3318557e+08 | F27: 7.8462902e+08 | G27: 8.2651409e+08
A28: 20 | B28: With a risk weight of less than or equal to 35% | C28: 0 | D28: 0 | E28: 0 | F28: 0 | G28: 0
A29: 21 | B29: Residential mortgages, of which: | D29: 35130414 | E29: 43677052 | F29: 2.3396567e+08 | G29: 2.1618525e+08
A30: 22 | B30: With a risk weight of less than or equal to 35% | C30: 0 | D30: 15200335 | E30: 14476734 | F30: 1.1044648e+08 | G30: 86628747
A31: 23 | B31: Securities that do not qualify as HQLA | D31: 7204605.3 | E31: 0 | F31: 11041359 | G31: 12987458
A32: 24 | B32: Assets with matching interdependent liabilities | C32: 0 | D32: 0 | E32: 0 | F32: 0 | G32: 0
A33: 25 | B33: Other assets: | C33: 1.2374776e+08 | D33: 17465639 | E33: 8583379.8 | F33: 1.0994831e+08 | G33: 2.4701464e+08
A34: 26 | B34: Assets related to derivatives | D34: 588123.34 | E34: 0 | F34: 0 | G34: 588123.34
A35: 27 | B35: All other assets not included in the above categories | C35: 1.2374776e+08 | D35: 16877515 | E35: 8583379.8 | F35: 1.0994831e+08 | G35: 2.4642652e+08
A36: 28 | B36: Off-balance sheet items | C36: 0 | D36: 41964172 | E36: 26563129 | F36: 67119728 | G36: 9720909.5
A37: 29 | B37: Total required stable funding | G37: =SUM(G23:G24,G32:G33,G36) -> 1.3431891e+09
A39: 30 | B39: Net stable funding ratio | G39: =IFERROR(G21/G37,0) -> 1.1846089
B42: *Items to be reported in the ‘no maturity’ time bucket do not have a stated maturity. These may include, but are not limited to, items such as capital with perpetual maturity, current/demand deposits, etc.

Sheet  17. Residual Maturity
A1: Bank: | B1: =Info!C2 -> Terabank
A2: Date: | B2: ='1. key ratios'!B2 -> 46295
A3: Table 17
A5: Distribution by residual maturity Risk classes | C5: Exposures of On-Balance Items
C7: On demand | D7: ≤ 1 year | E7: > 1 year ≤ 5 year | F7: > 5 year | G7: No stated maturity | H7: Total
A8: 1 | B8: Claims or contingent claims on central governments or central banks | C8: 1.0966793e+08 | D8: 1.6533297e+08 | E8: 41940407 | F8: 0 | G8: 0 | H8: =SUM(C8:G8) -> 3.169413e+08
A9: 2 | B9: Claims or contingent claims on regional governments or local authorities | C9: 0 | D9: 0 | E9: 0 | F9: 0 | G9: 0 | H9: =SUM(C9:G9) -> 0
A10: 3 | B10: Claims or contingent claims on public sector entities | C10: 0 | D10: 0 | E10: 0 | F10: 0 | G10: 0 | H10: =SUM(C10:G10) -> 0
A11: 4 | B11: Claims or contingent claims on multilateral development banks | C11: 0 | D11: 0 | E11: 0 | F11: 0 | G11: 0 | H11: =SUM(C11:G11) -> 0
A12: 5 | B12: Claims or contingent claims on international organizations/institutions | C12: 0 | D12: 0 | E12: 0 | F12: 0 | G12: 0 | H12: =SUM(C12:G12) -> 0
A13: 6 | B13: Claims or contingent claims on commercial banks | C13: 0 | D13: 28242580 | E13: 0 | F13: 704698.55 | G13: 0 | H13: =SUM(C13:G13) -> 28947279
A14: 7 | B14: Claims or contingent claims on corporates | C14: 0 | D14: 41060506 | E14: 2.3660919e+08 | F14: 4.5480388e+08 | G14: 0 | H14: =SUM(C14:G14) -> 7.3247357e+08
A15: 8 | B15: Retail claims or contingent retail claims | C15: 0 | D15: 38300281 | E15: 2.2435881e+08 | F15: 4.8379559e+08 | H15: =SUM(C15:G15) -> 7.4645468e+08
A16: 9 | B16: Claims or contingent claims secured by mortgages on residential property | C16: 0 | D16: 2960372.7 | E16: 25763597 | F16: 1.4155439e+08 | G16: 0 | H16: =SUM(C16:G16) -> 1.7027836e+08
A17: 10 | B17: Past due items* | C17: 0 | D17: 626033.48 | E17: 8228234.6 | F17: 22752899 | G17: 0 | H17: =SUM(C17:G17) -> 31607167
A18: 11 | B18: Items belonging to regulatory high-risk categories | C18: 0 | D18: 0 | E18: 0 | F18: 0 | G18: 0 | H18: =SUM(C18:G18) -> 0
A19: 12 | B19: Short-term claims on commercial banks and corporates | C19: 0 | D19: 0 | E19: 0 | F19: 0 | G19: 0 | H19: =SUM(C19:G19) -> 0
A20: 13 | B20: Claims in the form of collective investment undertakings (‘CIU’) | C20: 0 | D20: 0 | E20: 0 | F20: 0 | G20: 0 | H20: =SUM(C20:G20) -> 0
A21: 14 | B21: Other items | C21: 58389408 | D21: 0 | E21: 0 | F21: 1.3448449e+08 | G21: 0 | H21: =SUM(C21:G21) -> 1.928739e+08
A22: 15 | B22: Total | C22: =SUM(C18:C21)+SUM(C8:C16) -> 1.6805733e+08 | D22: =SUM(D18:D21)+SUM(D8:D16) -> 2.7589671e+08 | E22: =SUM(E18:E21)+SUM(E8:E16) -> 5.28672e+08 | F22: =SUM(F18:F21)+SUM(F8:F16) -> 1.215343e+09 | G22: =SUM(G18:G21)+SUM(G8:G16) -> 0 | H22: =SUM(H18:H21)+SUM(H8:H16) -> 2.1879691e+09
B26: Past due items* - Past due items will be filled in paragraph 10 and also will be redistributed to the classes in which they were recorded before they were classified as "Past due tems". An overdue loan line is not included in the formula for eliminating double counting.

Sheet 18. Assets by Exposure classes
A1: Bank: | B1: =Info!C2 -> Terabank
A2: Date: | B2: ='1. key ratios'!B2 -> 46295
A3: Table 18
C4: a | D4: b | E4: c | F4: d | G4: e | H4: f
A5: On Balance Assets Risk classes | C5: Gross carrying values | E5: Expected Credit Loss | F5: General Reserve | G5: Accumulated write-off, during the reporting period | H5: Net Value
C6: Of which: Loans and other Assets - Non-Performing | D6: Of which: Loans and other Assets - other than Non-Performing | H6: (a+b-c-d)
A7: 1 | B7: Claims or contingent claims on central governments or central banks | C7: 0 | D7: 3.1703026e+08 | E7: 88958.629 | F7: 0 | G7: 0 | H7: =C7+D7-E7-F7 -> 3.169413e+08
A8: 2 | B8: Claims or contingent claims on regional governments or local authorities | C8: 0 | D8: 0 | E8: 0 | F8: 0 | G8: 0 | H8: =C8+D8-E8-F8 -> 0
A9: 3 | B9: Claims or contingent claims on public sector entities | C9: 0 | D9: 0 | E9: 0 | F9: 0 | G9: 0 | H9: =C9+D9-E9-F9 -> 0
A10: 4 | B10: Claims or contingent claims on multilateral development banks | C10: 0 | D10: 0 | E10: 0 | F10: 0 | G10: 0 | H10: =C10+D10-E10-F10 -> 0
A11: 5 | B11: Claims or contingent claims on international organizations/institutions | C11: 0 | D11: 0 | E11: 0 | F11: 0 | G11: 0 | H11: =C11+D11-E11-F11 -> 0
A12: 6 | B12: Claims or contingent claims on commercial banks | C12: 0 | D12: 28947279 | E12: 0 | F12: 0 | G12: 0 | H12: =C12+D12-E12-F12 -> 28947279
A13: 7 | B13: Claims or contingent claims on corporates | C13: 23185701 | D13: 7.1604429e+08 | E13: 6756417.5 | F13: 0 | G13: 0 | H13: =C13+D13-E13-F13 -> 7.3247357e+08
A14: 8 | B14: Retail claims or contingent retail claims | C14: 56876526 | D14: 7.2007175e+08 | E14: 30493598 | F14: 0 | G14: 1101105.4 | H14: =C14+D14-E14-F14 -> 7.4645468e+08
A15: 9 | B15: Claims or contingent claims secured by mortgages on residential property | C15: 4832394.4 | D15: 1.6788925e+08 | E15: 2443285.1 | F15: 0 | G15: 0 | H15: =C15+D15-E15-F15 -> 1.7027836e+08
A16: 10 | B16: Past due items* | C16: 53414171 | D16: 0 | E16: 21807004 | F16: 0 | G16: 1101105.4 | H16: =C16+D16-E16-F16 -> 31607167
A17: 11 | B17: Items belonging to regulatory high-risk categories | C17: 0 | D17: 0 | E17: 0 | F17: 0 | G17: 0 | H17: =C17+D17-E17-F17 -> 0
A18: 12 | B18: Short-term claims on commercial banks and corporates | C18: 0 | D18: 0 | E18: 0 | F18: 0 | G18: 0 | H18: =C18+D18-E18-F18 -> 0
... A20: 14 | B20: Other items | C20: 52530837 | D20: 1.8244974e+08 | E20: 0 | F20: 0 | G20: 0 | H20: =C20+D20-E20-F20 -> 2.3498058e+08
A21: 15 | B21: Total | C21: =SUM(C7:C15)+SUM(C17:C20) -> 1.3742546e+08 | D21: =SUM(D7:D15)+SUM(D17:D20) -> 2.1324326e+09 | E21: =SUM(E7:E15)+SUM(E17:E20) -> 39782259 | F21: =SUM(F7:F15)+SUM(F17:F20) -> 0 | G21: =SUM(G7:G15)+SUM(G17:G20) -> 1101105.4 | H21: =SUM(H7:H15)+SUM(H17:H20) -> 2.2300758e+09
A22: 16 | B22: Of which: loans | C22: 84894622 | D22: 1.5880053e+09 | E22: 39641399 | F22: 0 | G22: 1101105.4 | H22: =C22+D22-E22-F22 -> 1.6332585e+09
A23: 17 | B23: Of which: securities | C23: 0 | D23: 2.2336233e+08 | E23: 140868.27 | F23: 0 | G23: 0 | H23: =C23+D23-E23-F23 -> 2.2322146e+08
B26: Past due items* - Past due items will be filled in paragraph 10 and also will be redistributed to the classes in which they were recorded before they were classified as "Past due tems". An overdue loan line is not included in the formula for eliminating double counting.

Sheet 19. Assets by Risk Sectors
A1: Bank: | B1: =Info!C2 -> Terabank
A2: Date: | B2: ='1. key ratios'!B2 -> 46295
A3: Table 19
C4: a | D4: b | E4: c | F4: d | G4: e | H4: f
A5: On Balance Assets Risk classes | C5: Gross carrying values | E5: Expected Credit Loss | F5: General Reserve | G5: Accumulated write-off, during the reporting period | H5: Net Value
C6: Of which: Loans and other Assets - Non-Performing | D6: Of which: Loans and other Assets - other than Non-Performing | H6: (a+b-c-d)
A7: 1 | B7: State, state organizations | C7: 955889.87 | D7: 3.8687574e+08 | E7: 864529.85 | F7: 0 | G7: 0 | H7: =C7+D7-E7-F7 -> 3.869671e+08
A8: 2 | B8: Financial Institutions | C8: 908877.75 | D8: 82672631 | E8: 604433.54 | F8: 0 | G8: 0 | H8: =C8+D8-E8-F8 -> 82977075
A9: 3 | B9: Pawn-shops | C9: 0 | D9: 37348547 | E9: 39.6628 | F9: 0 | G9: 0 | H9: =C9+D9-E9-F9 -> 37348507
A10: 4 | B10: Construction Development, Real Estate Development and other Land Loans | C10: 4211552.4 | D10: 1.5003483e+08 | E10: 461705.43 | F10: 0 | G10: 0 | H10: =C10+D10-E10-F10 -> 1.5378468e+08
A11: 5 | B11: Real Estate Management | C11: 4933640 | D11: 1.2458264e+08 | E11: 1724257.6 | F11: 0 | G11: 0 | H11: =C11+D11-E11-F11 -> 1.2779202e+08
A12: 6 | B12: Construction Companies | C12: 373415.35 | D12: 53501292 | E12: 338143.65 | F12: 0 | G12: 0 | H12: =C12+D12-E12-F12 -> 53536564
A13: 7 | B13: Production and Trade of Construction Materials | C13: 7683333.3 | D13: 97525455 | E13: 1366576.6 | F13: 0 | G13: 0 | H13: =C13+D13-E13-F13 -> 1.0384221e+08
A14: 8 | B14: Trade of Consumer Foods and Goods | C14: 6570859.4 | D14: 70989864 | E14: 2476679.3 | F14: 0 | G14: 0 | H14: =C14+D14-E14-F14 -> 75084044
A15: 9 | B15: Production of Consumer Foods and Goods | C15: 5456211 | D15: 49492380 | E15: 1172426.8 | F15: 0 | G15: 0 | H15: =C15+D15-E15-F15 -> 53776165
A16: 10 | B16: Production and Trade of Durable Goods | C16: 369324.48 | D16: 29200867 | E16: 355923.67 | F16: 0 | G16: 0 | H16: =C16+D16-E16-F16 -> 29214268
A17: 11 | B17: Production and Trade of Clothes, Shoes and Textiles | C17: 997334.58 | D17: 9197013.3 | E17: 340434.12 | F17: 0 | G17: 0 | H17: =C17+D17-E17-F17 -> 9853913.7
A18: 12 | B18: Trade (Other) | C18: 5814813.1 | D18: 84319441 | E18: 2723738.3 | F18: 0 | G18: 0 | H18: =C18+D18-E18-F18 -> 87410516
... A33: 27 | B33: Other assets | C33: 52530837 | D33: 1.8244974e+08 | E33: 0 | F33: 0 | G33: 0 | H33: =C33+D33-E33-F33 -> 2.3498058e+08
A34: 28 | B34: Total | C34: =SUM(C7:C33) -> 1.3742546e+08 | D34: =SUM(D7:D33) -> 2.1324326e+09 | E34: =SUM(E7:E33) -> 39782267 | F34: =SUM(F7:F33) -> 0 | G34: =SUM(G7:G33) -> 1101105.4 | H34: =C34+D34-E34-F34 -> 2.2300758e+09

Sheet 20. Reserves
A1: Bank: | B1: =Info!C2 -> Terabank
A2: Date: | B2: ='1. key ratios'!B2 -> 46295
A3: Table 20
A5: Changes in Expected Credit Loss for loans and Corporate debt securities | C5: Loans | D5: Corporate debt securities
A6: 1 | B6: Opening balance of Expected Credit Loss | C6: 38083903 | D6: 66284.891
A7: 2 | B7: An increase in the ECL for possible losses on assets | C7: 12499794 | D7: 0
A8: 2.1 | B8: As a result of the origination of the new assets | C8: 1272457.4 | D8: 0
A9: 2.2 | B9: As a result of classification of assets as a low quality | C9: 11227337 | D9: 0
A10: 3 | B10: Decrease in ECL for possible losses on assets | C10: 10792871 | D10: 14374.891
A11: 3.1 | B11: As a result of write-off of assets | C11: 1408087.3 | D11: 0
A12: 3.2 | B12: As a result of partial or total payment of assets | C12: 3677181.8 | D12: 14374.891
A13: 3.3 | B13: As a result of classification of assets as a high quality | C13: 5707602 | D13: 0
A14: 4 | B14: Increase / Decrease ECL of foreign currency assets as a result of currency exchange rate changes | C14: -149423.06 | D14: 0
A15: 5 | B15: Closing balance of Expected Credit Loss | C15: =C6+C7-C10+C14 -> 39641403 | D15: =D6+D7-D10+D14 -> 51910

Sheet 21. NPL
A1: Bank: | B1: =Info!C2 -> Terabank
A2: Date: | B2: ='1. key ratios'!B2 -> 46295
A3: Table 21
A5: Changes in the stock of non-performing loans over the period | C5: Gross carrying value of Non-performing Loans | D5: Net accumulated recoveries related to decrease of Non-performing loans
A7: 1 | B7: Opening balance | C7: 97489699
A8: 2 | B8: Inflows to non-performing portfolios | C8: 10723490
A9: 3 | B9: Increase of non-performing portfolio, as e result of currency exchange rate changes | C9: 0
A10: 4 | B10: Outflows from non-performing portfolios | C10: 23318567
A11: 5 | B11: Outflow due to the decrease level of credit risk | C11: 18570086
A12: 6 | B12: Outflow due to loan repayment, partial or total | C12: 9731220.7
A13: 7 | B13: Outflows due to write-offs | C13: 1305319.6
A14: 8 | B14: Outflow due to taking possession of collateral | C14: 0
A15: 9 | B15: Outflow due to sale of portfolios | C15: 0
A16: 10 | B16: Outflow due to other situations | C16: 0
A17: 11 | B17: Decrease of non-performing portfolio, as a result of currency exchange rate changes | C17: 572665.64
A18: 12 | B18: Closing balance | C18: =C7+C8+C9-C10 -> 84894622

Sheet 22. Quality
A1: Bank: | B1: =Info!C2 -> Terabank
A2: Date: | B2: ='1. key ratios'!B2 -> 46295
A3: Table 22
A5: Distribution of loans, Debt securities and Off-balance-sheet items according to Credit Risk Stages and Past due days | C5: Gross carrying value of loans and Debt securities, nominal value of Off-balance-sheet items
C6: Total | D6: 1st stage | H6: 2nd stage | M6: 3rd stage | U6: POCI
E7: Past due ≤ 30 days | F7: Past due > 30 days ≤ 90 days | G7: Past due > 90 days | I7: Past due ≤ 30 days | J7: Past due > 30 days ≤ 90 days | K7: Past due > 90 days | M7: Past due ≤ 30 days | N7: Past due > 30 days ≤ 90 days | O7: Past due > 90 days ≤ 180 days | P7: Past due > 180 days ≤ 1 Year | Q7: Past due > 1 Year ≤ 2 Year | R7: Past due > 2 Year ≤ 5 Year | S7: Past due >5 Years | U7: Past due ≤ 30 days | V7: Past due > 30 days ≤ 90 days | W7: Past due > 90 days ≤ 180 days | X7: Past due > 180 days ≤ 1 Year | Y7: Past due > 1 Year ≤ 2 Year | Z7: Past due > 2 Year ≤ 5 Year | AA7: Past due >5 Years
A8: 1 | B8: Loans | C8: 1.73236e+09 | D8: 1.5751964e+09 | E8: 65468797 | F8: 0 | G8: 0 | H8: 71467565 | I8: 10741676 | J8: 14516498 | K8: 0 | L8: 68534600 | M8: 8083075.8 | N8: 3455269.5 | O8: 10897268 | P8: 8060579.7 | Q8: 16081906 | R8: 7083776.4 | S8: 0 | T8: 17161429 | U8: 1643029.6 | V8: 276958.23 | W8: 788465.43 | X8: 6014793.3 | Y8: 1508367.2 | Z8: 648332.61 | AA8: 0
A9: 1.1 | B9: Central banks | C9: 0 | D9: 0 | E9: 0 | F9: 0 | G9: 0 | H9: 0 | I9: 0 | J9: 0 | K9: 0 | L9: 0 | M9: 0 | N9: 0 | O9: 0 | P9: 0 | Q9: 0 | R9: 0 | S9: 0 | T9: 0 | U9: 0 | V9: 0 | W9: 0 | X9: 0 | Y9: 0 | Z9: 0 | AA9: 0
A10: 1.2 | B10: General governments | C10: 0 | D10: 0 | E10: 0 | F10: 0 | G10: 0 | H10: 0 | I10: 0 | J10: 0 | K10: 0 | L10: 0 | M10: 0 | N10: 0 | O10: 0 | P10: 0 | Q10: 0 | R10: 0 | S10: 0 | T10: 0 | U10: 0 | V10: 0 | W10: 0 | X10: 0 | Y10: 0 | Z10: 0 | AA10: 0
A11: 1.3 | B11: Credit institutions | C11: 0 | D11: 0 | E11: 0 | F11: 0 | G11: 0 | H11: 0 | I11: 0 | J11: 0 | K11: 0 | L11: 0 | M11: 0 | N11: 0 | O11: 0 | P11: 0 | Q11: 0 | R11: 0 | S11: 0 | T11: 0 | U11: 0 | V11: 0 | W11: 0 | X11: 0 | Y11: 0 | Z11: 0 | AA11: 0
A12: 1.4 | B12: Other financial corporations | C12: 59460061 | D12: 57968262 | E12: 0 | F12: 0 | G12: 0 | H12: 690391.69 | I12: 0 | J12: 0 | K12: 0 | L12: 24667.47 | M12: 0 | N12: 0 | O12: 0 | P12: 0 | Q12: 0 | R12: 0 | S12: 0 | T12: 776739.81 | U12: 0 | V12: 0 | W12: 0 | X12: 0 | Y12: 0 | Z12: 0 | AA12: 0
A13: 1.5 | B13: Non-financial corporations | C13: 8.3599681e+08 | D13: 7.5129891e+08 | E13: 39573084 | F13: 0 | G13: 0 | H13: 37939926 | I13: 6212326.4 | J13: 7017924.4 | K13: 0 | L13: 35855959 | M13: 5208012.9 | N13: 1777963.7 | O13: 5690658.8 | P13: 2943009.8 | Q13: 9773776 | R13: 3833470.8 | S13: 0 | T13: 10902011 | U13: 1561871.1 | V13: 37230.06 | W13: 4398.08 | X13: 4546304.6 | Y13: 1287997.3 | Z13: 568671.7 | AA13: 0
A14: 1.6 | B14: Households | C14: 8.3690311e+08 | D14: 7.6592921e+08 | E14: 25895713 | F14: 0 | G14: 0 | H14: 32837247 | I14: 4529349.7 | J14: 7498573.6 | K14: 0 | L14: 32653974 | M14: 2875062.9 | N14: 1677305.8 | O14: 5206608.7 | P14: 5117569.9 | Q14: 6308129.6 | R14: 3250305.6 | S14: 0 | T14: 5482678.4 | U14: 81158.52 | V14: 239728.17 | W14: 784067.35 | X14: 1468488.7 | Y14: 220369.92 | Z14: 79660.91 | AA14: 0
A15: 2 | B15: Debt Securities | C15: 2.2336233e+08 | D15: 2.2336233e+08 | E15: 0 | F15: 0 | G15: 0 | H15: 0 | I15: 0 | J15: 0 | K15: 0 | L15: 0 | M15: 0 | N15: 0 | O15: 0 | P15: 0 | Q15: 0 | R15: 0 | S15: 0 | T15: 0 | U15: 0 | V15: 0 | W15: 0 | X15: 0 | Y15: 0 | Z15: 0 | AA15: 0
A16: 2.1 | B16: Central banks | C16: 9873259.8 | D16: 9873259.8 | E16: 0 | F16: 0 | G16: 0 | H16: 0 | I16: 0 | J16: 0 | K16: 0 | L16: 0 | M16: 0 | N16: 0 | O16: 0 | P16: 0 | Q16: 0 | R16: 0 | S16: 0 | T16: 0 | U16: 0 | V16: 0 | W16: 0 | X16: 0 | Y16: 0 | Z16: 0 | AA16: 0
A17: 2.2 | B17: General governments | C17: 61825819 | D17: 61825819 | E17: 0 | F17: 0 | G17: 0 | H17: 0 | I17: 0 | J17: 0 | K17: 0 | L17: 0 | M17: 0 | N17: 0 | O17: 0 | P17: 0 | Q17: 0 | R17: 0 | S17: 0 | T17: 0 | U17: 0 | V17: 0 | W17: 0 | X17: 0 | Y17: 0 | Z17: 0 | AA17: 0
A18: 2.3 | B18: Credit institutions | C18: 1.3566325e+08 | D18: 1.3566325e+08 | E18: 0 | F18: 0 | G18: 0 | H18: 0 | I18: 0 | J18: 0 | K18: 0 | L18: 0 | M18: 0 | N18: 0 | O18: 0 | P18: 0 | Q18: 0 | R18: 0 | S18: 0 | T18: 0 | U18: 0 | V18: 0 | W18: 0 | X18: 0 | Y18: 0 | Z18: 0 | AA18: 0
A19: 2.4 | B19: Other financial corporations | C19: 16000000 | D19: 16000000 | E19: 0 | F19: 0 | G19: 0 | H19: 0 | I19: 0 | J19: 0 | K19: 0 | L19: 0 | M19: 0 | N19: 0 | O19: 0 | P19: 0 | Q19: 0 | R19: 0 | S19: 0 | T19: 0 | U19: 0 | V19: 0 | W19: 0 | X19: 0 | Y19: 0 | Z19: 0 | AA19: 0
... A21: 2.6 | B21: Households | C21: 0 | D21: 0 | E21: 0 | F21: 0 | G21: 0 | H21: 0 | I21: 0 | J21: 0 | K21: 0 | L21: 0 | M21: 0 | N21: 0 | O21: 0 | P21: 0 | Q21: 0 | R21: 0 | S21: 0 | T21: 0 | U21: 0 | V21: 0 | W21: 0 | X21: 0 | Y21: 0 | Z21: 0 | AA21: 0
A22: 3 | B22: Off-balance-sheet items | C22: 1.3542047e+08 | D22: 1.3083681e+08 | H22: 3563681.9 | L22: 667739.98 | T22: 352232.64
A23: 3.1 | B23: Central banks | C23: 0 | D23: 0 | H23: 0 | L23: 0 | T23: 0
A24: 3.2 | B24: General governments | C24: 0 | D24: 0 | H24: 0 | L24: 0 | T24: 0
A25: 3.3 | B25: Credit institutions | C25: 0 | D25: 0 | H25: 0 | L25: 0 | T25: 0
A26: 3.4 | B26: Other financial corporations | C26: 3968711 | D26: 3968711 | H26: 0 | L26: 0 | T26: 0
A27: 3.5 | B27: Non-financial corporations | C27: 1.0150422e+08 | D27: 98103300 | H27: 2876002.2 | L27: 172686.83 | T27: 352232.64
A28: 3.6 | B28: Households | C28: 29947535 | D28: 28764802 | H28: 687679.66 | L28: 495053.15 | T28: 0

Sheet 23. LTV
A1: Bank: | B1: =Info!C2 -> Terabank
A2: Date: | B2: ='1. key ratios'!B2 -> 46295
A3: Table 23
A5: Loans Distributed according to LTV ratio, Expected Credit Loss, Value of collateral for loans and loans secured by guarantees according to Credit Risk stages and past due days | C5: Gross carrying value of loans
C6: Total | D6: 1st stage | H6: 2nd stage | M6: 3rd stage | U6: POCI
E7: Past due ≤ 30 days | F7: Past due > 30 days ≤ 90 days | G7: Past due > 90 days | I7: Past due ≤ 30 days | J7: Past due > 30 days ≤ 90 days | K7: Past due > 90 days | M7: Past due ≤ 30 days | N7: Past due > 30 days ≤ 90 days | O7: Past due > 90 days ≤ 180 days | P7: Past due > 180 days ≤ 1 Year | Q7: Past due > 1 Year ≤ 2 Year | R7: Past due > 2 Year ≤ 5 Year | S7: Past due >5 Years | U7: Past due ≤ 30 days | V7: Past due > 30 days ≤ 90 days | W7: Past due > 90 days ≤ 180 days | X7: Past due > 180 days ≤ 1 Year | Y7: Past due > 1 Year ≤ 2 Year | Z7: Past due > 2 Year ≤ 5 Year | AA7: Past due >5 Years
A8: 1 | B8: Loans | C8: 1.6728999e+09 | D8: 1.5172281e+09 | E8: 65468797 | F8: 0 | G8: 0 | H8: 70777173 | I8: 10741676 | J8: 14516498 | K8: 0 | L8: 68509933 | M8: 8083075.8 | N8: 3455269.5 | O8: 10897268 | P8: 8060579.7 | Q8: 16081906 | R8: 7083776.4 | S8: 0 | T8: 16384689 | U8: 1643029.6 | V8: 276958.23 | W8: 788465.43 | X8: 6014793.3 | Y8: 1508367.2 | Z8: 648332.61 | AA8: 0
A9: 1.1 | B9: Secured Loans | C9: 1.5777626e+09 | D9: 1.4287139e+09 | E9: 1.4287139e+09 | F9: 0 | G9: 0 | H9: 69208819 | I9: 55425495 | J9: 13783324 | K9: 0 | L9: 64746057 | M9: 22245289 | N9: 3404661 | O9: 9593658 | P9: 6483197.9 | Q9: 15984870 | R9: 7034381.2 | S9: 0 | T9: 15093808 | U9: 6966915.8 | V9: 265713.28 | W9: 75631.37 | X9: 5654239.9 | Y9: 1486252.5 | Z9: 645055.48 | AA9: 0
A10: 1.1.1 | B10: Loans Secured by Immovable property | C10: 1.4166579e+09 | D10: 1.2853984e+09 | E10: 1.2853984e+09 | F10: 0 | G10: 0 | H10: 67070021 | I10: 54367541 | J10: 12702480 | K10: 0 | L10: 52881067 | M10: 21063740 | N10: 3129258.1 | O10: 8657637 | P10: 4566568 | Q10: 10887507 | R10: 4576356.2 | S10: 0 | T10: 11308412 | U10: 5585110.8 | V10: 200092.01 | W10: 26349.85 | X10: 4721699.2 | Y10: 661185.06 | Z10: 113975.24 | AA10: 0
A11: 1.1.1.1 | B11: LTV ≤70% | C11: 8.5007734e+08 | D11: 7.8626809e+08 | E11: 7.8626809e+08 | F11: 0 | G11: 0 | H11: 30099511 | I11: 24243299 | J11: 5856212.8 | K11: 0 | L11: 29214062 | M11: 13443821 | N11: 1990901.6 | O11: 2816785.1 | P11: 2188494.4 | Q11: 8281502.2 | R11: 492557.29 | S11: 0 | T11: 4495677.2 | U11: 3853488.4 | V11: 37230.06 | W11: 3004.01 | X11: 48123.33 | Y11: 516239.91 | Z11: 37591.46 | AA11: 0
A12: 1.1.1.2 | B12: LTV >70% ≤85% | C12: 2.1941495e+08 | D12: 1.955736e+08 | E12: 1.955736e+08 | F12: 0 | G12: 0 | H12: 19546540 | I12: 16969547 | J12: 2576993.9 | K12: 0 | L12: 3512428.3 | M12: 983420.73 | N12: 569532.43 | O12: 791480.21 | P12: 199369.03 | Q12: 141605.6 | R12: 827020.28 | S12: 0 | T12: 782389.04 | U12: 197875.99 | V12: 0 | W12: 23345.84 | X12: 561167.21 | Y12: 0 | Z12: 0 | AA12: 0
A13: 1.1.1.3 | B13: LTV >85% ≤100% | C13: 87259610 | D13: 80367713 | E13: 80367713 | F13: 0 | G13: 0 | H13: 2505004.7 | I13: 1924412.6 | J13: 580592.19 | K13: 0 | L13: 3331979.8 | M13: 1248615.5 | N13: 73788.46 | O13: 219252.35 | P13: 611293.9 | Q13: 389175.56 | R13: 789854.05 | S13: 0 | T13: 1054912.8 | U13: 1054912.8 | V13: 0 | W13: 0 | X13: 0 | Y13: 0 | Z13: 0 | AA13: 0
A14: 1.1.1.4 | B14: LTV >100% | C14: 2.5990596e+08 | D14: 2.2318897e+08 | E14: 2.2318897e+08 | F14: 0 | G14: 0 | H14: 14918965 | I14: 11230284 | J14: 3688680.8 | K14: 0 | L14: 16822597 | M14: 5387882.9 | N14: 495035.59 | O14: 4830119.3 | P14: 1567410.7 | Q14: 2075224 | R14: 2466924.6 | S14: 0 | T14: 4975433.2 | U14: 478833.63 | V14: 162861.95 | W14: 0 | X14: 4112408.6 | Y14: 144945.15 | Z14: 76383.78 | AA14: 0
A15: 1.2 | B15: Expected Credit Loss of Loans | C15: 34220270 | D15: 5763036.8 | E15: 5761199.2 | F15: 0 | G15: 0 | H15: 4755477.5 | I15: 3444085.9 | J15: 1311391.7 | K15: 0 | L15: 18599088 | M15: 3732337.8 | N15: 639862.37 | O15: 3408602.2 | P15: 2599373.5 | Q15: 5279118.5 | R15: 2939794 | S15: 0 | T15: 5102667 | U15: 1749640 | V15: 147795.87 | W15: 44758.972 | X15: 2397704.2 | Y15: 544915.04 | Z15: 217852.84 | AA15: 0
A16: 1.3 | B16: Value of Pledged collateral | T16: 0 | U16: 0 | V16: 0 | W16: 0 | X16: 0 | Y16: 0 | Z16: 0 | AA16: 0
A17: 1.3.1 | B17: Of which value capped at the Loan value | C17: 1.5432727e+09 | D17: 1.4007106e+09 | E17: 1.4001334e+09 | F17: 0 | G17: 0 | H17: 68071132 | I17: 54461864 | J17: 13609268 | K17: 0 | L17: 61462395 | M17: 21664962 | N17: 3380571.1 | O17: 8939626 | P17: 6185064.4 | Q17: 15000441 | R17: 6291731.1 | S17: 0 | T17: 13028618 | U17: 6655669.4 | V17: 233106.33 | W17: 54861.1 | X17: 4588027.6 | Y17: 968990.07 | Z17: 527963.63 | AA17: 0
A18: 1.3.1.1 | B18: Of which immovable property | C18: 1.2746682e+09 | D18: 1.1626308e+09 | E18: 1.1620537e+09 | F18: 0 | G18: 0 | H18: 60447080 | I18: 49184074 | J18: 11263005 | K18: 0 | L18: 43830576 | M18: 17703695 | N18: 2837500.5 | O18: 6430939.4 | P18: 3923763.3 | Q18: 10105956 | R18: 2828722.1 | S18: 0 | T18: 7759744.5 | U18: 4911133.7 | V18: 167485.06 | W18: 26349.85 | X18: 2117354.1 | Y18: 464140.46 | Z18: 73281.33 | AA18: 0
A19: 1.3.2 | B19: Of which value above the cap | C19: 2.0128101e+09 | D19: 1.8341382e+09 | E19: 1.8339864e+09 | F19: 0 | G19: 0 | H19: 85129971 | I19: 70075550 | J19: 15054420 | K19: 0 | L19: 81696795 | M19: 37410364 | N19: 5667886.2 | O19: 16563230 | P19: 8422789.6 | Q19: 9340913.1 | R19: 4291611.6 | S19: 0 | T19: 11845098 | U19: 8617959.1 | V19: 163239.98 | W19: 19031.01 | X19: 602098.08 | Y19: 1611660.8 | Z19: 831108.67 | AA19: 0
A20: 1.3.2.1 | B20: Of which immovable property | C20: 1.7227482e+09 | D20: 1.5581184e+09 | E20: 1.5579666e+09 | F20: 0 | G20: 0 | H20: 79028467 | I20: 66146312 | J20: 12882154 | K20: 0 | L20: 74388810 | M20: 35242509 | N20: 5134363.2 | O20: 15826079 | P20: 6784290.8 | Q20: 7443022.6 | R20: 3958544.8 | S20: 0 | T20: 11212486 | U20: 8318535.4 | V20: 70671.976 | W20: 12286.869 | X20: 422797.71 | Y20: 1590765 | Z20: 797429.06 | AA20: 0
A21: 1.4 | B21: Loans secured by the state and state institutions | C21: 1.0954979e+08 | D21: 92180802 | E21: 92180802 | F21: 0 | G21: 0 | H21: 3802262.6 | I21: 2638784.4 | J21: 1163478.2 | K21: 0 | L21: 9179668.3 | M21: 2544968.5 | N21: 229187.66 | O21: 1978818.7 | P21: 587210.96 | Q21: 1661333.4 | R21: 2178149 | S21: 0 | T21: 4387059.1 | U21: 1514332.7 | V21: 0 | W21: 0 | X21: 2137466.9 | Y21: 420643.4 | Z21: 314616.17 | AA21: 0
A22: 1.5 | B22: Loans secured by bank and /or financial institutions | C22: 0 | D22: 0 | E22: 0 | F22: 0 | G22: 0 | H22: 0 | I22: 0 | J22: 0 | K22: 0 | L22: 0 | M22: 0 | N22: 0 | O22: 0 | P22: 0 | Q22: 0 | R22: 0 | S22: 0 | T22: 0 | U22: 0 | V22: 0 | W22: 0 | X22: 0 | Y22: 0 | Z22: 0 | AA22: 0

Sheet 24. Risk Sector
A1: Bank: | B1: =Info!C2 -> Terabank
A2: Date: | B2: ='1. key ratios'!B2 -> 46295
A3: Table 24
A5: Loans Sector of repayment source | C5: Gross carrying value | H5: Expected Credit Loss
D6: 1st stage | E6: 2nd stage | F6: 3rd stage | G6: POCI | I6: 1st stage | J6: 2nd stage | K6: 3rd stage | L6: POCI
A7: 1 | B7: State, state organizations | C7: 70801374 | D7: 69041355 | E7: 804128.52 | F7: 955889.87 | G7: 0 | H7: 775571.22 | I7: 197575.37 | J7: 109900.44 | K7: 468095.41 | L7: 0
A8: 2 | B8: Financial Institutions | C8: 38634230 | D8: 37025771 | E8: 699582.07 | F8: 125976.2 | G8: 782901.55 | H8: 552523.9 | I8: 101469.9 | J8: 68849.745 | K8: 104021.92 | L8: 278182.34
A9: 3 | B9: Pawn-shops | C9: 37348547 | D9: 37348547 | E9: 0 | F9: 0 | G9: 0 | H9: 39.6628 | I9: 39.6628 | J9: 0 | K9: 0 | L9: 0
A10: 4 | B10: Construction Development, Real Estate Development and other Land Loans | C10: 1.5424639e+08 | D10: 1.4844566e+08 | E10: 1589175.8 | F10: 3716518.3 | G10: 495034.1 | H10: 461705.43 | I10: 435439.87 | J10: 0 | K10: 26265.558 | L10: 0
A11: 5 | B11: Real Estate Management | C11: 1.2951628e+08 | D11: 1.2181673e+08 | E11: 2765910.1 | F11: 4647713.3 | G11: 285926.66 | H11: 1724257.6 | I11: 464159.93 | J11: 178882 | K11: 961232.48 | L11: 119983.2
A12: 6 | B12: Construction Companies | C12: 53874707 | D12: 45541523 | E12: 7959769.1 | F12: 115697.32 | G12: 257718.03 | H12: 338143.65 | I12: 139318.12 | J12: 144615.41 | K12: 54210.116 | L12: 0
A13: 7 | B13: Production and Trade of Construction Materials | C13: 1.0520879e+08 | D13: 93614063 | E13: 3911391.5 | F13: 6239222.3 | G13: 1444111.1 | H13: 1366576.6 | I13: 310765.37 | J13: 386529.12 | K13: 425165.32 | L13: 244116.83
A14: 8 | B14: Trade of Consumer Foods and Goods | C14: 77560724 | D14: 70163437 | E14: 826427.37 | F14: 2516634.5 | G14: 4054224.9 | H14: 2476679.3 | I14: 305333.62 | J14: 76373.906 | K14: 596685.77 | L14: 1498286
A15: 9 | B15: Production of Consumer Foods and Goods | C15: 54948591 | D15: 48838797 | E15: 653583.14 | F15: 3505027.5 | G15: 1951183.5 | H15: 1172426.8 | I15: 184358.6 | J15: 21398.036 | K15: 952812.33 | L15: 13857.816
A16: 10 | B16: Production and Trade of Durable Goods | C16: 29570192 | D16: 29200867 | E16: 0 | F16: 0 | G16: 369324.48 | H16: 355923.67 | I16: 103179.01 | J16: 0 | K16: 0 | L16: 252744.66
A17: 11 | B17: Production and Trade of Clothes, Shoes and Textiles | C17: 10194348 | D17: 8679853.2 | E17: 517160.09 | F17: 818460.86 | G17: 178873.72 | H17: 340434.12 | I17: 44293.603 | J17: 57951.601 | K17: 149667.25 | L17: 88521.665
A18: 12 | B18: Trade (Other) | C18: 90134254 | D18: 81729526 | E18: 2589914.7 | F18: 5370806.2 | G18: 444006.91 | H18: 2723738.3 | I18: 388659.41 | J18: 324185.97 | K18: 1731084.8 | L18: 279808.11
... A33: 27 | B33: Total | C33: 1.6728999e+09 | D33: 1.5172281e+09 | E33: 70777173 | F33: 68509933 | G33: 16384689 | H33: 39641399 | I33: 6303394.8 | J33: 5041372.7 | K33: 21947949 | L33: 6348682.8

Sheet 25. Collateral
A1: Bank: | B1: =Info!C2 -> Terabank
A2: Date: | B2: ='1. key ratios'!B2 -> 46295
A3: Table 25
C4: ა | D4: ბ | E4: გ | F4: დ | G4: ე | H4: ვ | I4: ზ | J4: თ | K4: ი
A5: Gross carrying value(Nominal value for Offbalance) - distribution according to Collateral type Loans, corporate debt securities and Off-balance-sheet items | C5: Secured by deposit | D5: Secured by the state and state institutions | E5: Secured by bank and /or financial institutions | F5: Secured by gold / gold jewelry | G5: Secured by Immovable property | H5: Secured by shares / stocks and other securities | I5: Secured by other collateral | J5: Secured by another third party guarantee | K5: Unsecured Amount
A6: 1 | B6: Loans | C6: 33410405 | D6: 1.0954979e+08 | E6: 0 | F6: 16920676 | G6: 1.2746682e+09 | H6: 0 | I6: 1.087236e+08 | J6: 20688942 | K6: 1.0893826e+08
A7: 2 | B7: Corporate debt securities | C7: 0 | D7: 0 | E7: 0 | F7: 0 | G7: 0 | H7: 0 | I7: 0 | J7: 0 | K7: 16000000
A8: 3 | B8: Off-balance-sheet itmes | C8: 6995255 | D8: 0 | E8: 0 | F8: 0 | G8: 34665190 | H8: 0 | I8: 4226042.5 | J8: 841322.98 | K8: 1146475.8
A9: 4 | B9: Of which: Non-Performing Loans | C9: 115302.53 | D9: 13566727 | E9: 0 | F9: 0 | G9: 51590320 | H9: 0 | I9: 9218663 | J9: 3634243.9 | K9: 6769364.4
A10: 5 | B10: Of which: Non-Performing Corporate debt securities | C10: 0 | D10: 0 | E10: 0 | F10: 0 | G10: 0 | H10: 0 | I10: 0 | J10: 0 | K10: 0
A11: 6 | B11: Of which: Non-Performing Off-balance-sheet itmes | C11: 0 | D11: 0 | E11: 0 | F11: 0 | G11: 176640 | H11: 0 | I11: 0 | J11: 0 | K11: 0

Sheet 26. Retail Products
A1: Bank: | B1: =Info!C2 -> Terabank
A2: Date: | B2: ='1. key ratios'!B2 -> 46295
A3: Table 26
A5: Retail Products | C5: Contractual Principal Amount | H5: Gross carrying value of Loans | M5: Expected Credit Loss | R5: Number of Loans | S5: Weighted average nominal interest rate on quarterly disbursed loans | T5: Weighted average effective interest rate on quarterly disbursed loans | U5: Weighted average nominal interest rate (on Residual Contractual value of Loans) | V5: Weighted average remaining maturity (months) according to the Residual Contractual value of Loans
D6: 1st stage | E6: 2nd stage | F6: 3rd stage | G6: POCI | I6: 1st stage | J6: 2nd stage | K6: 3rd stage | L6: POCI | N6: 1st stage | O6: 2nd stage | P6: 3rd stage | Q6: POCI
A7: 1 | B7: Auto loans | C7: 1878126 | D7: 1135968.9 | E7: 94982.43 | F7: 647174.65 | G7: 0 | H7: 1884393.2 | I7: 1143457.3 | J7: 94118.87 | K7: 646817.02 | L7: 0 | M7: 111377.53 | N7: 13036.072 | O7: 0 | P7: 98341.458 | Q7: 0 | R7: 17 | S7: 0.14 | T7: 0.164213 | U7: 0.1488995 | V7: 38.0896
A8: 2 | B8: Consumer Loans | C8: 1.5391415e+08 | D8: 1.4538782e+08 | E8: 2407891.6 | F8: 6041594.7 | G8: 76843.42 | H8: 1.5709152e+08 | I8: 1.4666347e+08 | J8: 2503698.7 | K8: 7810279.1 | L8: 114077.8 | M8: 6648452.3 | N8: 822907.83 | O8: 453130.17 | P8: 5286992.4 | Q8: 85421.981 | R8: 7889 | S8: 0.25005599 | T8: 0.29826609 | U8: 0.2044525 | V8: 44.8081
A9: 3 | B9: Pay Day Loans | C9: 0 | D9: 0 | E9: 0 | F9: 0 | G9: 0 | H9: 0 | I9: 0 | J9: 0 | K9: 0 | L9: 0 | M9: 0 | N9: 0 | O9: 0 | P9: 0 | Q9: 0 | R9: 0 | U9: 0 | V9: 0
A10: 4 | B10: Momental Installments | C10: 12681.45 | D10: 12681.45 | E10: 0 | F10: 0 | G10: 0 | H10: 12681.45 | I10: 12681.45 | J10: 0 | K10: 0 | L10: 0 | M10: 123.67111 | N10: 123.67111 | O10: 0 | P10: 0 | Q10: 0 | R10: 10 | S10: 0 | T10: 0.197683 | U10: 0 | V10: 14.0346
A11: 5 | B11: Overdrafts | C11: 1371814.6 | D11: 1308949 | E11: 14208 | F11: 47398.406 | G11: 1259.27 | H11: 1378068 | I11: 1312711.6 | J11: 14328.33 | K11: 49750.126 | L11: 1277.96 | M11: 63378.472 | N11: 11832.289 | O11: 3628.0587 | P11: 46894.107 | Q11: 1024.0172 | R11: 1458 | S11: 0.13728837 | T11: 0.14660797 | U11: 0.13934189 | V11: 28.3168
A12: 6 | B12: Credit Cards | C12: 1267172.1 | D12: 1185622.9 | E12: 24629.84 | F12: 50344.58 | G12: 6574.8 | H12: 1291920.3 | I12: 1200679 | J12: 25676.18 | K12: 58256.43 | L12: 7308.62 | M12: 92641.399 | N12: 25537.646 | O12: 6206.1178 | P12: 55222.213 | Q12: 5675.4225 | R12: 1336 | S12: 0.25084627 | T12: 0.30875677 | U12: 0.26039588 | V12: 30.0619
A13: 7 | B13: Mortgages | C13: 1.1296318e+08 | D13: 1.1028106e+08 | E13: 1690960.8 | F13: 764127.97 | G13: 227034.02 | H13: 1.1331945e+08 | I13: 1.1054003e+08 | J13: 1712737.2 | K13: 818115.19 | L13: 248570.55 | M13: 401343.44 | N13: 75317.691 | O13: 102103.29 | P13: 219000.35 | Q13: 4922.1116 | R13: 1288 | S13: 0.11747007 | T13: 0.1354198 | U13: 0.11247662 | V13: 114.9831
A14: 7.1 | B14: Mortgages - Purchase of completed real estate | C14: 85514146 | D14: 83118266 | E14: 1572520.5 | F14: 596325.46 | G14: 227034.02 | H14: 85801589 | I14: 83326140 | J14: 1593631.9 | K14: 633245.97 | L14: 248570.55 | M14: 313583.83 | N14: 56614.302 | O14: 97491.099 | P14: 154556.32 | Q14: 4922.1116 | R14: 886 | S14: 0.11561088 | T14: 0.13347028 | U14: 0.11176143 | V14: 117.4073
A15: 7.2 | B15: Mortgages - Construction, the purchase of real estate under construction | C15: 15907626 | D15: 15795245 | E15: 112380.7 | F15: 0 | G15: 0 | H15: 15941406 | I15: 15828394 | J15: 113012 | K15: 0 | L15: 0 | M15: 15181.9 | N15: 10796.402 | O15: 4385.4974 | P15: 0 | Q15: 0 | R15: 233 | S15: 0.12770045 | T15: 0.14596335 | U15: 0.11581755 | V15: 98.9084
A16: 7.3 | B16: Mortgages - For Real Estate Renovation | C16: 11541406 | D16: 11367544 | E16: 6059.62 | F16: 167802.51 | G16: 0 | H16: 11576460 | I16: 11385498 | J16: 6093.29 | K16: 184869.22 | L16: 0 | M16: 72577.709 | N16: 7906.9867 | O16: 226.69194 | P16: 64444.03 | Q16: 0 | R16: 169 | S16: 0.11590662 | T16: 0.1340419 | U16: 0.11317079 | V16: 119.4357
A17: 8 | B17: Retail Pawnshop loans | C17: 0 | D17: 0 | E17: 0 | F17: 0 | G17: 0 | H17: 0 | I17: 0 | J17: 0 | K17: 0 | L17: 0 | M17: 0 | N17: 0 | O17: 0 | P17: 0 | Q17: 0 | R17: 0 | U17: 0 | V17: 0
A18: 9 | B18: Student loans | C18: 252757.74 | D18: 215368.42 | E18: 0 | F18: 37389.32 | G18: 0 | H18: 316402.69 | I18: 266266.28 | J18: 0 | K18: 50136.41 | L18: 0 | M18: 39872.108 | N18: 2173.0179 | O18: 0 | P18: 37699.09 | Q18: 0 | R18: 17 | U18: 0.11094138 | V18: 53.0231
A19: 10 | B19: Total Retail Products | C19: 2.7165988e+08 | D19: 2.5952746e+08 | E19: 4232672.7 | F19: 7588029.6 | G19: 311711.51 | H19: 2.7529444e+08 | I19: 2.6113929e+08 | J19: 4350559.3 | K19: 9433354.3 | L19: 371234.93 | M19: 7357188.9 | N19: 950928.21 | O19: 565067.63 | P19: 5744149.6 | Q19: 97043.533 | R19: 12015 | S19: 0.21080184 | T19: 0.24872763 | U19: 0.1656581 | V19: 73.5158
A20: 10.1 | B20: Between them: Loans issued on the basis of income from a pension or other state social disbursement | C20: 0 | D20: 0 | E20: 0 | F20: 0 | G20: 0 | H20: 0 | I20: 0 | J20: 0 | K20: 0 | L20: 0 | M20: 0 | N20: 0 | O20: 0 | P20: 0 | Q20: 0 | R20: 0 | S20: 0 | T20: 0 | U20: 0 | V20: 0
